 Dungeon Crawl Stone Soup version 0.31-a0-221-gbddc013574 (webtiles) character file.

Game seed: 8129803867361559480

421322 qw the Slayer (level 23, -10/180 HPs)
             Began as a Gargoyle Fighter on July 3, 2023.
             Was an Elder of Okawaru.
             Mangled by a frost giant
             ... wielding a +2 battleaxe of freezing
              (19 damage)
             ... on level 4 of the Vaults.
             The game lasted 00:34:25 (51163 turns).

qw the Slayer (Gargoyle Fighter)                   Turns: 51163, Time: 00:34:25

Health: -10/180    AC: 60    Str: 34    XL:     23   Next: 71%
Magic:  27/27      EV: 16    Int: 12    God:    Okawaru [****..]
Gold:   1900       SH: 22    Dex:  9    Spells: 22/22 levels left

rFire   + . .        r - +6 broad axe (venom)
rCold   + . .        H - +0 tower shield
rNeg    + . .        I - +0 crystal plate armour "Iletemyu" {rF+}
rPois   inf          h - +2 hat {SInv}
rElec   +            q - scarf {repulsion}
rCorr   .            m - +2 pair of gloves
SInv    +            e - +3 pair of mountain boots {steadfast, rC+}
Will    +....        y - amulet of faith Stlth
                     K - +5 ring of evasion
HPRegen 0.50/turn    s - +6 ring of strength
MPRegen 0.20/turn

%: repel missiles, faith
@: about to teleport, heroic, flying
A: sickness immunity, AC +17, big wings, negative energy resistance 1,
electricity resistance, torment resistance 1, petrification resistance,
deterioration 1, low MP 1, mutation resistance 1, robust 1
}: 2/15 runes: barnacled, gossamer
a: Renounce Religion, Heroism, Finesse


You were on level 4 of the Vaults.
You worshipped Okawaru.
Okawaru was greatly pleased with you.
You visited 8 branches of the dungeon, and saw 40 of its levels.

You collected 5195 gold pieces.
You spent 3295 gold pieces at shops.


Innate Abilities, Weirdness & Mutations

You are immune to sickness and miasma.
Your stone body is resilient. (AC +17)
You are immune to poison.
Your large and strong wings let you fly.
You resist negative energy. (rN+)
You are resistant to electric shocks. (rElec)
You are resistant to unholy torment.
You are immune to petrification.
Your body sometimes deteriorates upon taking damage.
Your magical capacity is low. (-10% MP)
You are somewhat resistant to further mutation.
You are robust. (+10% HP)


   Skills:
 - Level 22.6(27) Fighting
 - Level 18.0(23.0) Axes
 - Level 13.0(18.0) Throwing
 - Level 22.0(27) Armour
 - Level 6.0(11.0) Dodging
 + Level 19.0(24.0) Shields
 - Level 10.0 Invocations


You had 22 spell levels left.
You didn't know any spells.
Your spell library was empty.

Inventory:

Hand Weapons
 r - a +6 broad axe of venom (weapon)
Missiles
 b - 4 silver boomerangs
 x - 8 javelins (quivered)
 B - 51 boomerangs
 C - 8 silver javelins
Armour
 c - a +9 plate armour of ponderousness
 e - the +3 pair of mountain boots (worn) {steadfast, rC+}
   (You bought it in a shop on level 2 of the Orcish Mines)

   Steadfast: It prevents involuntary movement, except for blinking,
   teleportation, or banishment.
   rC:        It protects you from cold.
 h - a +2 hat of see invisible (worn)
 m - a +2 pair of gloves (worn)
 q - a scarf of repulsion (worn)
 w - the +4 chain mail of the Planets {*Slow rC+ rCorr Stlth+}
   (You bought it in a shop on level 2 of the Vaults)

   rC:        It protects you from cold.
   rCorr:     It protects you from acid and corrosion.
   *Slow:     It may slow you when you take damage.
   Stlth:     It makes you more stealthy.
 A - the +1 cloak "Irhutiot" {Dex+3}
   (Okawaru gifted it to you on level 3 of the Lair of Beasts)

   Dex:       It affects your dexterity (+3).
 H - a +0 tower shield (worn)
 I - the +0 crystal plate armour "Iletemyu" (worn) {rF+}
   (You took it off a merfolk on level 4 of the Shoals)

   rF:        It protects you from fire.
 J - a +2 helmet
Jewellery
 s - a +6 ring of strength (right hand)
 u - a ring of resist corrosion
 v - a ring of protection from cold
 y - an amulet of faith (around neck)
 z - an amulet of reflection
 E - a ring of protection from cold
 K - a +5 ring of evasion (left hand)
 L - a ring of protection from fire
 N - the ring of Viatsuamm {rPois rCorr Int+6}
   (You found it on level 3 of the Depths)

   [ring of resist corrosion]

   Int:       It affects your intelligence (+6).
   rPois:     It protects you from poison.
   rCorr:     It protects you from acid and corrosion.
Wands
 G - a wand of digging (16)
Scrolls
 a - 6 scrolls of teleportation
 f - 18 scrolls of identify
 l - 4 scrolls of enchant armour
Potions
 d - 5 potions of might
 g - 10 potions of haste
 i - 14 potions of enlightenment
 j - a potion of resistance
 k - 8 potions of mutation
 n - 2 potions of magic
 o - 10 potions of attraction
 p - 10 potions of curing
 t - 13 potions of lignification
 D - a potion of cancellation

Dungeon Overview and Level Annotations

Branches:
Dungeon (15/15)            Temple (1/1) D:5            Lair (5/5) D:8
 Shoals (4/4) Lair:3       Spider (4/4) Lair:3        Slime (0/5) Lair:4
    Orc (2/2) D:12            Elf (0/3) Orc:2        Vaults (5/5) D:13
  Crypt (0/3) Vaults:2     Depths (4/4) D:15            Zot (0/5) Depths:4

Altars:
Ashenzari
Cheibriados
Dithmenos
Elyvilon
Fedhas
Gozag
Hepliaklqana
Kikubaaqudgha
Makhleb
Nemelex Xobeh
Okawaru
Qazlal
Ru
Sif Muna
Trog
Uskayaw
Vehumet
Wu Jian
Xom
Yredelemnul
Zin
The Shining One
Lugonu

Shops:
D:5 *   Orc:2 !([[   Vaults:1 ?   Vaults:2 *[   Vaults:4 (?

Portals:
Hell: Depths:1 Depths:2 Depths:3 Depths:4
Abyss: Depths:1 Depths:3
Pandemonium: Depths:2
Ziggurat: Depths:1
Trove: Depths:1 (give 12 potions of heal wounds)

Annotations:
D:1 2 transporters
D:5 1 runed translucent door, Crazy Yiuf
D:10 3 runed translucent doors, qw's ghost, journeyman GrFi; qw's ghost, journeyman MiHs
D:13 4 runed translucent doors
Vaults:1 2 transporters
Vaults:2 exclusions: ironbound preserver and lindwurm
Depths:1 3 runed translucent doors, qw's ghost, adept GrFi; qw's ghost, veteran GrFi


Message History

You slash the stone giant!
The stone giant is poisoned.
The vault guard blocks your attack.
You hit the vault guard. The stone giant hits you!!
You block the vault guard's attack. x2
The frost giant hits you with a +2 battleaxe of freezing!!
The frost giant freezes you.
The vault guard hits you with a +1 long sword of electrocution!
51160 ||| READING 7 scrolls of teleportation.
As you read the scroll of teleportation, it crumbles to dust.
You feel strangely unstable. The stone giant misses you.
The vault guard hits you with a +2 war axe of electrocution.
You block the vault guard's attack.
The frost giant hits you but does no damage.
The vault guard hits you with a +1 long sword of electrocution.
You hit the vault guard.
You kill the vault guard!
Okawaru accepts your kill.
You slash the vault guard! You completely miss the vault guard.
You slash the frost giant! You hit the stone giant.
The stone giant looks as sick as possible!
You block the stone giant's attack. The vault guard misses you.
The frost giant closely misses you. You block the vault guard's attack.
Your base Shields skill increases to level 19!
You hit the frost giant.
The frost giant looks as sick as possible!
The frost giant is almost dead.
You barely miss the vault guard. You slice the stone giant!!
You slash the vault guard! You chop the stone giant into pieces!!!
You kill the stone giant!
Okawaru accepts your kill.
You chop the vault guard into pieces!!!
You kill the vault guard!
Okawaru accepts your kill.
You slice the vault guard!!
The vault guard looks as sick as possible!
You hit the frost giant but do no damage.
The frost giant looks as sick as possible!
The frost giant hits you with a +2 battleaxe of freezing!!
You die...

#........#....>.#.........
########........###....#.........
..................###..#........>
....................####.........
.................................
.................................
+#+#'##############'#############
......# #C))..# ......# #(@)>.#
......# ##))p..## ####### ......#
#.......# #...... ......#
#.......# #...... ......#
##......[## #...... #######
#.........# #...... #...<.....#
#...... #.........# #..^...
##############################'##


You could see a frost giant (extremely poisoned) and a vault guard (extremely
poisoned).

Vanquished Creatures
  Mennas (Depths:2)
  Mara (Depths:3)
  2 juggernauts
  Margery (Depths:2)
  Saint Roka (Depths:4)
  A caustic shrike (Depths:2)
  3 golden dragons
  Nikola (Vaults:3)
  2 bone dragons
  Rupert (D:13)
  2 tentacled monstrosities
  Mlioglotl (Spider:1)
  4 liches
  A walking earthen tome (Depths:4)
  A kraken (Shoals:3)
  A walking divine tome (Depths:3)
  2 titans (Depths:3)
  2 sphinxes (Vaults:4)
  A shadow dragon (Depths:3)
  4 tengu reavers
  4 fire giants
  9 vault wardens
  3 emperor scorpions
  3 orc warlords
  10 frost giants
  A draconian stormcaller (Depths:4)
  2 spriggan defenders (Depths:2)
  3 iron dragons
  6 ghost moths
  32 very ugly things
  2 broodmothers
  16 ironbound preservers
  A formless jellyfish (Vaults:3)
  2 vampire knights (Depths:3)
  7 ironbound thunderhulks
  A war gargoyle (Vaults:1)
  12 stone giants
  13 dire elephants
  2 white draconians (Depths:4)
  Nessos (Lair:4)
  A yellow draconian (Depths:4)
  A purple draconian (Depths:4)
  15 spark wasps
  2 crystal guardians (Vaults:3)
  2 jiangshi (Depths:3)
  8 entropy weavers
  Josephine (D:13)
  3 ice dragons
  11 fire dragons
  9 ettins
  8 merfolk impalers
  4 merfolk javelineers
  5 yaktaur captains
  3 great orbs of eyes
  5 rakshasas
  2 catoblepae
  3 peacekeepers
  7 centaur warriors
  11 hydras
  Erica (D:12)
  5 merfolk avatars
  5 spriggan air magi (Depths:2)
  24 vault guards
  11 ironbound frosthearts
  4 jorogumos
  2 two-headed ogres
  An anaconda (Lair:4)
  2 alligators (Lair:4)
  4 merfolk aquamancers
  2 death yaks
  An anaconda (shapeshifter) (Depths:3)
  A death scarab (Spider:4)
  7 boulder beetles
  An alligator snapping turtle (Shoals:4)
  6 radroaches
  8 deep troll shamans
  7 deep troll earth magi
  8 tengu warriors
  21 demonic crawlers
  Urug (D:13)
  3 satyrs
  3 vampire magi
  Nergalle (D:11)
  4 spriggan berserkers
  29 hell knights
  A titan skeleton (Depths:1)
  A storm dragon zombie (Depths:1)
  5 iron trolls
  7 pharaoh ants
  9 skysharks
  2 salamander mystics (Depths:4)
  44 deep trolls
  3 sun moths
  2 goliath frogs (Lair:5)
  7 glowing orange brains
  A spriggan simulacrum (Spider:1)
  A flayed ghost (Depths:4)
  A deep troll (shapeshifter) (Depths:1)
  6 wizards
  13 sea snakes
  4 orb spiders
  10 orc knights
  15 ironbound convokers
  9 lindwurms
  4 steelbarb worms
  Pikel (D:9)
  23 harpies
  A sphinx zombie (Depths:1)
  6 salamanders
  3 necromancers
  25 wolf spiders
  43 ugly things
  An orc sorcerer (Depths:4)
  18 manticores
  3 cyclopes
  14 fauns
  6 elephants
  13 merfolk sirens
  2 moths of wrath (Spider:3)
  3 oklob plants
  A stone giant skeleton (Depths:1)
  2 water nymphs
  9 black mambas
  11 vault sentinels
  4 torpor snails
  Psyche (D:8)
  20 cane toads
  A gargoyle (D:11)
  6 rime drakes
  An unseen horror (D:10)
  2 freezing wraiths
  3 kobold demonologists (D:9)
  28 yaktaurs
  8 tengu conjurers
  A redback zombie (D:15)
  15 komodo dragons
  A queen bee (shapeshifter) (D:13)
  2 queen bees
  A polar bear (Lair:1)
  7 trolls
  6 meliai
  18 tarantellas
  34 merfolk
  2 tyrant leeches (Lair:5)
  7 hornets
  7 wind drakes
  6 snapping turtles
  A raiju (shapeshifter) (D:13)
  A slime creature (shapeshifter) (Depths:3)
  14 blink frogs
  Sigmund (D:3)
  27 dream sheep
  13 slime creatures
  25 culicivoras
  35 jumping spiders
  2 shadows
  A centaur simulacrum (D:15)
  4 spriggans
  8 wyverns
  A dire elephant simulacrum (Spider:1)
  A vampire (D:12)
  7 basilisks
  19 water elementals
  6 wraiths
  6 steam dragons
  55 yaks
  Edmund (D:4)
  55 redbacks
  9 vampire mosquitoes
  3 minotaur simulacra (Spider:1)
  A harpy simulacrum (Spider:1)
  3 wargs
  19 water moccasins
  An acid dragon (D:12)
  Duvessa (D:6)
  A floating eye (Depths:3)
  46 orc warriors
  2 black bears
  An ice beast (D:6)
  2 sky beasts
  An ettin simulacrum (Depths:1)
  An alligator simulacrum (Spider:1)
  16 wolves
  19 centaurs
  6 ogres
  2 lemures (D:9)
  A phantom (D:4)
  A kobold brigand (D:9)
  24 bullfrogs
  2 gnoll sergeants
  A deep troll simulacrum (Spider:1)
  7 scorpions
  7 wights
  Dowan (D:6)
  66 killer bees
  A lava snake (D:14)
  6 jellies
  19 orc priests
  A gnoll bouda (Orc:1)
  2 hounds
  4 sleepcaps
  3 iguanas
  32 orc wizards
  A boggart zombie (D:15)
  A hell rat (Lair:3)
  A boggart simulacrum (D:15)
  13 gnolls
  7 adders
  A river rat (Lair:3)
  A shadow imp (D:7)
  2 white imps
  3 worms
  3 dart slugs
  An orc (shapeshifter) (D:14)
  112 orcs
  5 bats
  6 endoplasms
  7 giant cockroaches
  4 goblins
  A hobgoblin (D:3)
  6 jackals
  12 kobolds
  7 quokkas
  7 ball pythons
  A frilled lizard (D:3)
  3 rats (D:1)
  3 tentacles (Shoals:3)
1740 creatures vanquished.

Vanquished Creatures (others)
  3 fire giants
  An ice dragon (Depths:3)
  A rime drake (Shoals:2)
  A hornet (Depths:4)
  A spriggan (Depths:4)
  A water moccasin (Lair:4)
  A boggart (Vaults:2)
  3 starspawn tentacles (Spider:1)
  2 tentacles (Shoals:3)
14 creatures vanquished.

Grand Total: 1754 creatures vanquished

Notes
Turn   | Place    | Note
-------+----------+-------------------------------------------
     0 | D:1      | qw the Gargoyle Fighter began the quest for the Orb.
     0 | D:1      | Reached XP level 1. HP: 14/14 MP: 1/1
     0 | D:1      | 0 ||| qw: Version: 0.3-a-40-ge99b1a8
     0 | D:1      | 0 ||| qw: Game counter: 586
     0 | D:1      | 0 ||| qw: Melee chars always use a shield: true
     0 | D:1      | 0 ||| qw: God list: Okawaru
     0 | D:1      | 0 ||| qw: Allow faded altars: false
     0 | D:1      | 0 ||| qw: Do Orc after clearing Dungeon:15 true
     0 | D:1      | 0 ||| qw: Do second Lair branch before Depths: true
     0 | D:1      | 0 ||| qw: Lair rune preference: random
     0 | D:1      | 0 ||| qw: Goals: Normal, Zot:1-4, Slime:5, God:TSO, Crypt,
                  | Tomb, Abyss, Pan, Hells, Win
     0 | D:1      | 0 ||| PLANNING D:1-11
   246 | D:1      | Reached XP level 2. HP: 19/19 MP: 2/2
   254 | D:1      | 254 ||| Stepping ~*~*~tactically~*~*~ (stealth).
   486 | D:1      | 486 ||| DROPPING +0 club.
   775 | D:1      | 775 ||| UPGRADING to +6 ring of strength.
   776 | D:1      | 776 ||| READING 2 scrolls labelled HASIAN KE LUK.
   779 | D:1      | 779 ||| READING scroll labelled FEFESTR PIKHLE.
   780 | D:1      | 780 ||| READING scroll labelled WOICVA CEOT.
   831 | D:2      | Reached skill level 3 in Axes
   867 | D:2      | 867 ||| Stepping ~*~*~tactically~*~*~ (hiding).
   868 | D:2      | 868 ||| Stepping ~*~*~tactically~*~*~ (hiding).
   869 | D:2      | 869 ||| Stepping ~*~*~tactically~*~*~ (hiding).
   870 | D:2      | 870 ||| Stepping ~*~*~tactically~*~*~ (hiding).
   949 | D:2      | 949 ||| Stepping ~*~*~tactically~*~*~ (stealth).
   950 | D:2      | 950 ||| Stepping ~*~*~tactically~*~*~ (stealth).
   951 | D:2      | 951 ||| Stepping ~*~*~tactically~*~*~ (stealth).
   954 | D:2      | 954 ||| Stepping ~*~*~tactically~*~*~ (hiding).
   961 | D:2      | Reached XP level 3. HP: 18/23 MP: 3/3
  1109 | D:2      | 1109 ||| Stepping ~*~*~tactically~*~*~ (stealth).
  1190 | D:2      | Reached skill level 1 in Throwing
  1509 | D:2      | 1509 ||| UPGRADING to +0 chain mail.
  1519 | D:2      | 1519 ||| DROPPING +0 scale mail.
  1520 | D:2      | 1520 ||| READING scroll labelled EDYEZO USCHUAL.
  1537 | D:2      | 1537 ||| DRINKING 2 purple potions.
  1538 | D:2      | 1538 ||| READING 2 scrolls of identify.
  1538 | D:2      | 1538 ||| IDENTIFYING amethyst potion
  1695 | D:3      | Reached XP level 4. HP: 28/28 MP: 4/4
  2010 | D:3      | You fall into a shaft and drop 2 floors!
  2010 | D:5      | Entered Level 5 of the Dungeon
  2055 | D:5      | 2055 ||| DROPPING +0 whip.
  2069 | D:5      | Found a burning altar of Makhleb.
  2081 | D:5      | Noticed a scorpion
  2087 | D:5      | Killed a scorpion
  2088 | D:5      | Reached XP level 5. HP: 11/32 MP: 5/5
  2088 | D:5      | HP: 8/32 [orc wizard/+0 dagger (3)]
  2089 | D:5      | 2089 ||| READING 2 scrolls of teleportation.
  2090 | D:5      | 2090 ||| DRINKING potion of heal wounds.
  2108 | D:5      | Reached XP level 6. HP: 27/38 MP: 6/6
  2154 | D:5      | 2154 ||| DROPPING +0 mace.
  2167 | D:5      | Found a radiant altar of Vehumet.
  2280 | D:5      | 2280 ||| UPGRADING to amulet of regeneration.
  2285 | D:5      | 2285 ||| READING scroll labelled GIAJ YSKAUBBUH.
  2286 | D:5      | 2286 ||| PLANNING TEMPLE
  2286 | D:5      | 2286 ||| READING 2 scrolls of identify.
  2286 | D:5      | 2286 ||| IDENTIFYING bubbling orange potion
  2309 | D:5      | Found a staircase to the Ecumenical Temple.
  2314 | D:5      | Noticed a black bear
  2326 | D:5      | Killed a black bear
  2327 | D:5      | Reached skill level 6 in Axes
  2327 | D:5      | Reached XP level 7. HP: 44/44 MP: 7/7
  2332 | Temple   | Entered the Ecumenical Temple
  2367 | Temple   | 2367 ||| PLANNING D:1-11
  2450 | D:3      | Found a faded altar of an unknown god.
  2554 | D:3      | Reached skill level 1 in Dodging
  2574 | D:3      | 2574 ||| Stepping ~*~*~tactically~*~*~ (hiding).
  2674 | D:3      | Noticed Sigmund
  2675 | D:3      | 2675 ||| Stepping ~*~*~tactically~*~*~ (hiding).
  2722 | D:3      | Killed Sigmund
  2965 | D:3      | 2965 ||| UPGRADING to +4 chain mail.
  2975 | D:3      | 2975 ||| DROPPING +0 chain mail.
  2976 | D:3      | 2976 ||| DRINKING 2 fizzy red potions.
  2976 | D:3      | Gained mutation: You are somewhat resistant to further
                  | mutation. [potion of mutation]
  2976 | D:3      | Gained mutation: You are robust. (+10% HP) [potion of
                  | mutation]
  2976 | D:3      | Gained mutation: Your large and strong wings let you fly.
                  | [potion of mutation]
  3078 | D:4      | Found a white marble altar of Elyvilon.
  3208 | D:4      | Found a shimmering altar of Xom.
  3239 | D:4      | Found an ornate altar of the Wu Jian Council.
  3248 | D:4      | Noticed Edmund
  3249 | D:4      | 3249 ||| Stepping ~*~*~tactically~*~*~ (stealth).
  3279 | D:4      | Killed Edmund
  3280 | D:4      | Reached XP level 8. HP: 53/53 MP: 8/8
  3350 | D:4      | 3350 ||| Stepping ~*~*~tactically~*~*~ (stealth).
  3469 | D:4      | Found a shadowy altar of Dithmenos.
  3561 | D:4      | 3561 ||| DROPPING amulet of the acrobat.
  3562 | D:4      | 3562 ||| READING scroll labelled GAQA IKHLAOX.
  3563 | D:4      | 3563 ||| READING 2 scrolls of identify.
  3563 | D:4      | 3563 ||| IDENTIFYING fizzy pink potion
  3618 | D:5      | Found Vitavej's General Store.
  4318 | D:5      | Found a runed translucent door.
  4319 | D:5      | Noticed Crazy Yiuf
  4322 | D:5      | 4322 ||| UPGRADING to ring of resist corrosion.
  4323 | D:5      | 4323 ||| READING 2 scrolls of identify.
  4323 | D:5      | 4323 ||| IDENTIFYING lumpy emerald potion
  4435 | D:6      | 4435 ||| Stepping ~*~*~tactically~*~*~ (stealth).
  4437 | D:6      | 4437 ||| Stepping ~*~*~tactically~*~*~ (hiding).
  4471 | D:6      | 4471 ||| Stepping ~*~*~tactically~*~*~ (stealth).
  4473 | D:6      | Noticed Duvessa
  4477 | D:6      | Reached skill level 6 in Fighting
  4477 | D:6      | 4477 ||| FLEEEEING.
  4479 | D:6      | Noticed Dowan
  4487 | D:6      | Killed Duvessa
  4500 | D:6      | Killed Dowan
  4561 | D:6      | 4561 ||| Stepping ~*~*~tactically~*~*~ (stealth).
  4563 | D:6      | 4563 ||| Stepping ~*~*~tactically~*~*~ (hiding).
  4589 | D:6      | Reached XP level 9. HP: 46/60 MP: 9/9
  4592 | D:6      | Reached skill level 9 in Axes
  4600 | D:6      | 4600 ||| Stepping ~*~*~tactically~*~*~ (stealth).
  4604 | D:6      | 4604 ||| Stepping ~*~*~tactically~*~*~ (stealth).
  4759 | D:6      | HP: 14/61 [ogre/+0 giant spiked club (21)]
  4760 | D:6      | 4760 ||| READING 2 scrolls of teleportation.
  4912 | D:6      | 4912 ||| Stepping ~*~*~tactically~*~*~ (hiding).
  4914 | D:6      | 4914 ||| Stepping ~*~*~tactically~*~*~ (hiding).
  5075 | D:6      | 5075 ||| UPGRADING to +0 helmet.
  5080 | D:6      | 5080 ||| UPGRADING to +0 cloak.
  5085 | D:6      | 5085 ||| READING scroll labelled HOLUOBOUCZE.
  5086 | D:6      | 5086 ||| READING scroll labelled LAR ODUCSI.
  5338 | D:6      | Found a sacrificial altar of Ru.
  5415 | D:5      | 5415 ||| SHOPLISTING +2 troll leather armour "Siuguph"
                  | {rF++ Regen+ Dex+4} (752 gold, have 358).
  5415 | D:5      | 5415 ||| BUYING scroll of identify (26 gold).
  5415 | D:5      | Bought a scroll of identify for 26 gold pieces
  5417 | D:5      | 5417 ||| READING scroll labelled BORHOA QIRAOS.
  5476 | D:7      | 5476 ||| Stepping ~*~*~tactically~*~*~ (stealth).
  5477 | D:7      | 5477 ||| Stepping ~*~*~tactically~*~*~ (stealth).
  5577 | D:7      | 5577 ||| Stepping ~*~*~tactically~*~*~ (hiding).
  5601 | D:7      | 5601 ||| SWAPPING to +2 hand axe of flaming.
  5602 | D:7      | 5602 ||| DROPPING +0 morningstar.
  5761 | D:7      | 5761 ||| Stepping ~*~*~tactically~*~*~ (stealth).
  5763 | D:7      | 5763 ||| Stepping ~*~*~tactically~*~*~ (stealth).
  5764 | D:7      | 5764 ||| Stepping ~*~*~tactically~*~*~ (stealth).
  5771 | D:7      | Found an iron altar of Okawaru.
  5772 | D:7      | 5772 ||| PLANNING OKAWARU WORSHIP
  5779 | D:7      | Became a worshipper of Warmaster Okawaru
  5780 | D:7      | 5780 ||| PLANNING D:1-11
  6167 | D:7      | 6167 ||| READING 2 scrolls of identify.
  6167 | D:7      | 6167 ||| IDENTIFYING inky potion
  6192 | D:8      | Found a staircase to the Lair.
  6237 | D:8      | Found a broken altar of Ashenzari.
  6239 | D:8      | 6239 ||| Stepping ~*~*~tactically~*~*~ (stealth).
  6241 | D:8      | 6241 ||| Stepping ~*~*~tactically~*~*~ (stealth).
  6322 | D:8      | Reached XP level 10. HP: 67/70 MP: 10/10
  6347 | D:8      | Found a shimmering blue altar of Sif Muna.
  6384 | D:8      | 6384 ||| Stepping ~*~*~tactically~*~*~ (cloud).
  6393 | D:8      | Reached skill level 3 in Throwing
  6489 | D:8      | Noticed Psyche
  6506 | D:8      | Killed Psyche
  6675 | D:8      | Reached * piety under Okawaru
  6719 | D:8      | Found a blossoming altar of Fedhas.
  6771 | D:8      | Noticed a tengu warrior
  6772 | D:8      | Noticed a two-headed ogre
  6773 | D:8      | Noticed a skeletal warrior
  6777 | D:8      | 6777 ||| DRINKING 3 potions of curing.
  6777 | D:8      | 6777 ||| (to cure confusion)
  6778 | D:8      | 6778 ||| INVOKING Heroism.
  6878 | D:8      | 6878 ||| PLANNING LAIR
  6878 | D:8      | 6878 ||| READING scroll labelled YGGONL JEATE.
  6879 | D:8      | 6879 ||| SWAPPING to +0 war axe.
  6880 | D:8      | 6880 ||| DROPPING +2 hand axe of protection.
  6889 | D:8      | 6889 ||| READING 2 scrolls of identify.
  6889 | D:8      | 6889 ||| IDENTIFYING fuming ruby potion
  6899 | Lair:1   | Entered Level 1 of the Lair of Beasts
  6923 | Lair:1   | Noticed a cane toad
  6924 | Lair:1   | 6924 ||| INVOKING Heroism.
  6934 | Lair:1   | Killed a cane toad
  6935 | Lair:1   | Reached skill level 1 in Invocations
  6947 | Lair:1   | 6947 ||| FLEEEEING.
  6949 | Lair:1   | 6949 ||| FLEEEEING.
  6950 | Lair:1   | 6950 ||| Stepping ~*~*~tactically~*~*~ (stealth).
  6951 | Lair:1   | Noticed a cane toad
  6952 | Lair:1   | 6952 ||| INVOKING Heroism.
  6957 | Lair:1   | Killed a cane toad
  6967 | Lair:1   | Reached skill level 3 in Invocations
  6980 | Lair:1   | Reached ** piety under Okawaru
  6984 | Lair:1   | 6984 ||| INVOKING Heroism.
  6988 | Lair:1   | Reached skill level 6 in Armour
  7082 | Lair:1   | Noticed an elephant
  7082 | Lair:1   | Noticed an elephant
  7083 | Lair:1   | Noticed an elephant
  7084 | Lair:1   | Noticed an elephant
  7085 | Lair:1   | 7085 ||| Stepping ~*~*~tactically~*~*~ (stealth).
  7095 | Lair:1   | Killed an elephant
  7096 | Lair:1   | Reached XP level 11. HP: 63/75 MP: 14/14
  7101 | Lair:1   | Reached skill level 9 in Fighting
  7103 | Lair:1   | 7103 ||| INVOKING Heroism.
  7316 | Lair:1   | 7316 ||| INVOKING Heroism.
  7400 | Lair:1   | 7400 ||| INVOKING Heroism.
  7468 | Lair:1   | Reached *** piety under Okawaru
  7505 | Lair:1   | Reached skill level 12 in Axes
  7728 | Lair:1   | 7728 ||| UPGRADING to +0 pair of boots.
  7733 | Lair:1   | 7733 ||| DROPPING amulet of magic regeneration.
  7734 | Lair:1   | 7734 ||| READING scroll labelled COATIGGO RAY.
  7850 | Lair:2   | 7850 ||| INVOKING Heroism.
  7884 | Lair:2   | 7884 ||| INVOKING Heroism.
  7939 | Lair:2   | Reached skill level 6 in Shields
  8084 | Lair:2   | Reached **** piety under Okawaru
  8250 | Lair:2   | 8250 ||| Stepping ~*~*~tactically~*~*~ (stealth).
  8256 | Lair:2   | Received a gift from Okawaru
  8279 | Lair:2   | 8279 ||| Stepping ~*~*~tactically~*~*~ (stealth).
  8281 | Lair:2   | 8281 ||| Stepping ~*~*~tactically~*~*~ (stealth).
  8293 | Lair:2   | Reached XP level 12. HP: 81/84 MP: 16/16
  8317 | Lair:2   | Noticed a five-headed hydra
  8318 | Lair:2   | 8318 ||| INVOKING Heroism.
  8319 | Lair:2   | 8319 ||| SWAPPING to +0 flail.
  8324 | Lair:2   | Killed a five-headed hydra
  8325 | Lair:2   | Reached skill level 6 in Invocations
  8325 | Lair:2   | 8325 ||| SWAPPING to +0 war axe.
  8353 | Lair:2   | 8353 ||| DROPPING +0 flail.
  8354 | Lair:2   | Noticed an eight-headed hydra
  8354 | Lair:2   | Noticed an eight-headed hydra
  8355 | Lair:2   | 8355 ||| INVOKING Heroism.
  8356 | Lair:2   | 8356 ||| SWAPPING to +0 morningstar.
  8358 | Lair:2   | Noticed a catoblepas
  8365 | Lair:2   | Killed an eight-headed hydra
  8371 | Lair:2   | Killed an eight-headed hydra
  8372 | Lair:2   | 8372 ||| SWAPPING to +0 war axe.
  8383 | Lair:2   | 8383 ||| INVOKING Heroism.
  8392 | Lair:2   | Killed a catoblepas
  8398 | Lair:2   | Reached ***** piety under Okawaru
  8458 | Lair:2   | Noticed a death yak
  8459 | Lair:2   | 8459 ||| INVOKING Heroism.
  8460 | Lair:2   | 8460 ||| INVOKING Finesse.
  8460 | Lair:2   | Noticed a skyshark
  8461 | Lair:2   | 8461 ||| Stepping ~*~*~tactically~*~*~ (stealth).
  8471 | Lair:2   | Killed a death yak
  8517 | Lair:2   | Killed a skyshark
  8532 | Lair:2   | 8532 ||| INVOKING Heroism.
  8534 | Lair:2   | Received a gift from Okawaru
  8557 | Lair:2   | 8557 ||| INVOKING Heroism.
  8599 | Lair:2   | Received a gift from Okawaru
  8600 | Lair:2   | Reached skill level 9 in Invocations
  8662 | Lair:2   | Noticed a six-headed hydra
  8662 | Lair:2   | Noticed a four-headed hydra
  8663 | Lair:2   | 8663 ||| INVOKING Heroism.
  8664 | Lair:2   | 8664 ||| SWAPPING to +0 morningstar.
  8665 | Lair:2   | 8665 ||| INVOKING Finesse.
  8672 | Lair:2   | Killed a four-headed hydra
  8679 | Lair:2   | Killed a six-headed hydra
  8680 | Lair:2   | 8680 ||| SWAPPING to +0 war axe.
  9186 | Lair:2   | 9186 ||| READING scroll labelled HYZXABREALY.
  9289 | Lair:3   | 9289 ||| Stepping ~*~*~tactically~*~*~ (stealth).
  9290 | Lair:3   | 9290 ||| INVOKING Heroism.
  9315 | Lair:3   | 9315 ||| Stepping ~*~*~tactically~*~*~ (hiding).
  9379 | Lair:3   | Reached XP level 13. HP: 90/90 MP: 20/20
  9391 | Lair:3   | 9391 ||| FLEEEEING.
  9392 | Lair:3   | 9392 ||| FLEEEEING.
  9393 | Lair:3   | 9393 ||| FLEEEEING.
  9394 | Lair:3   | 9394 ||| FLEEEEING.
  9419 | Lair:3   | Found a hole to the Spider Nest.
  9559 | Lair:3   | 9559 ||| Stepping ~*~*~tactically~*~*~ (stealth).
  9590 | Lair:3   | 9590 ||| INVOKING Heroism.
  9677 | Lair:3   | 9677 ||| INVOKING Heroism.
  9695 | Lair:3   | HP: 22/90 [rime drake/icy flash freeze (13)]
  9696 | Lair:3   | 9696 ||| READING 2 scrolls of teleportation.
  9701 | Lair:3   | HP: 21/90 [manticore (6)]
  9702 | Lair:3   | 9702 ||| DRINKING 2 potions of heal wounds.
  9765 | Lair:3   | 9765 ||| Stepping ~*~*~tactically~*~*~ (hiding).
  9769 | Lair:3   | 9769 ||| INVOKING Heroism.
  9771 | Lair:3   | 9771 ||| INVOKING Finesse.
  9937 | Lair:3   | 9937 ||| Stepping ~*~*~tactically~*~*~ (stealth).
  9938 | Lair:3   | 9938 ||| Stepping ~*~*~tactically~*~*~ (stealth).
  9939 | Lair:3   | 9939 ||| Stepping ~*~*~tactically~*~*~ (stealth).
  9940 | Lair:3   | 9940 ||| Stepping ~*~*~tactically~*~*~ (stealth).
  9941 | Lair:3   | 9941 ||| Stepping ~*~*~tactically~*~*~ (stealth).
  9954 | Lair:3   | 9954 ||| Stepping ~*~*~tactically~*~*~ (hiding).
 10015 | Lair:3   | 10015 ||| INVOKING Heroism.
 10064 | Lair:3   | 10064 ||| READING scroll of brand weapon.
 10064 | Lair:3   | 10064 ||| BRANDING +0 war axe.
 10202 | Lair:3   | Found a staircase to the Shoals.
 10210 | Lair:3   | Identified the +1 cloak "Irhutiot" {Dex+3} (Okawaru gifted
                  | it to you on level 3 of the Lair of Beasts)
 10210 | Lair:3   | Received a gift from Okawaru
 10470 | Lair:3   | 10470 ||| UPGRADING to +1 cloak "Irhutiot" {Dex+3}.
 10480 | Lair:3   | 10480 ||| DROPPING +0 cloak.
 10481 | Lair:3   | 10481 ||| UPGRADING to ring of willpower.
 10483 | Lair:3   | 10483 ||| DRINKING 3 bubbling yellow potions.
 10484 | Lair:3   | 10484 ||| DRINKING 4 potions of curing.
 10484 | Lair:3   | 10484 ||| (to cure confusion)
 10485 | Lair:3   | 10485 ||| DRINKING 2 emerald potions.
 10486 | Lair:3   | 10486 ||| DROPPING 2 potions of ambrosia.
 10519 | Lair:4   | 10519 ||| INVOKING Heroism.
 10557 | Lair:4   | 10557 ||| INVOKING Heroism.
 10573 | Lair:4   | Reached skill level 3 in Dodging
 10603 | Lair:4   | 10603 ||| INVOKING Heroism.
 10648 | Lair:4   | Reached skill level 9 in Armour
 10650 | Lair:4   | Found a staircase to the Slime Pits.
 10655 | Lair:4   | 10655 ||| INVOKING Heroism.
 10656 | Lair:4   | 10656 ||| INVOKING Finesse.
 10662 | Lair:4   | 10662 ||| SWAPPING to +0 morningstar.
 10666 | Lair:4   | 10666 ||| SWAPPING to +0 war axe of venom.
 10787 | Lair:4   | 10787 ||| INVOKING Heroism.
 10795 | Lair:4   | 10795 ||| DRINKING potion of cancellation.
 10939 | Lair:4   | Noticed Nessos
 10940 | Lair:4   | 10940 ||| Stepping ~*~*~tactically~*~*~ (hiding).
 10941 | Lair:4   | 10941 ||| Stepping ~*~*~tactically~*~*~ (hiding).
 10946 | Lair:4   | 10946 ||| Stepping ~*~*~tactically~*~*~ (hiding).
 10947 | Lair:4   | 10947 ||| Stepping ~*~*~tactically~*~*~ (hiding).
 10954 | Lair:4   | 10954 ||| Stepping ~*~*~tactically~*~*~ (hiding).
 10960 | Lair:4   | Killed Nessos
 11030 | Lair:4   | 11030 ||| INVOKING Heroism.
 11032 | Lair:4   | 11032 ||| SWAPPING to +0 morningstar.
 11039 | Lair:4   | 11039 ||| SWAPPING to +0 war axe of venom.
 11178 | Lair:4   | 11178 ||| Stepping ~*~*~tactically~*~*~ (stealth).
 11179 | Lair:4   | 11179 ||| Stepping ~*~*~tactically~*~*~ (stealth).
 11235 | Lair:4   | Noticed a dire elephant
 11236 | Lair:4   | 11236 ||| INVOKING Heroism.
 11250 | Lair:4   | Reached skill level 15 in Axes
 11257 | Lair:4   | HP: 19/92 [dire elephant (17)]
 11258 | Lair:4   | Mutation became permanent: Your large and strong wings let
                  | you fly. [Gargoyle growth]
 11258 | Lair:4   | Gained mutation: Your large and strong wings let you fly.
                  | [Gargoyle growth]
 11258 | Lair:4   | Reached XP level 14. HP: 18/99 MP: 21/21
 11258 | Lair:4   | 11258 ||| READING 2 scrolls of teleportation.
 11259 | Lair:4   | 11259 ||| DRINKING potion of heal wounds.
 11259 | Lair:4   | Killed a dire elephant
 11387 | Lair:4   | 11387 ||| Stepping ~*~*~tactically~*~*~ (stealth).
 11393 | Lair:4   | 11393 ||| INVOKING Heroism.
 11398 | Lair:4   | Reached skill level 12 in Fighting
 11424 | Lair:4   | 11424 ||| READING scroll labelled EQUNNI FIZEOZ.
 11435 | Lair:4   | 11435 ||| READING scroll labelled FEICONIYG.
 11446 | Lair:4   | 11446 ||| READING 7 scrolls of identify.
 11446 | Lair:4   | 11446 ||| IDENTIFYING sedimented silvery potion
 11457 | Lair:4   | 11457 ||| DROPPING potion of berserk rage.
 11469 | Lair:4   | 11469 ||| INVOKING Heroism.
 11585 | Lair:5   | Entered Level 5 of the Lair of Beasts
 11598 | Lair:5   | 11598 ||| STAIRDANCE
 11641 | Lair:5   | 11641 ||| Stepping ~*~*~tactically~*~*~ (stealth).
 11785 | Lair:5   | 11785 ||| INVOKING Heroism.
 11786 | Lair:5   | 11786 ||| SWAPPING to +0 morningstar.
 11787 | Lair:5   | 11787 ||| INVOKING Finesse.
 11791 | Lair:5   | 11791 ||| SWAPPING to +1 war axe of venom.
 12005 | Lair:5   | Identified the +2 plate armour "Geufebewn" {rPois Will+}
                  | (Okawaru gifted it to you on level 5 of the Lair of Beasts)
 12005 | Lair:5   | Received a gift from Okawaru
 12073 | Lair:5   | 12073 ||| Stepping ~*~*~tactically~*~*~ (stealth).
 12257 | Lair:5   | 12257 ||| INVOKING Heroism.
 12258 | Lair:5   | 12258 ||| INVOKING Finesse.
 12291 | Lair:5   | 12291 ||| Stepping ~*~*~tactically~*~*~ (stealth).
 12308 | Lair:5   | 12308 ||| Stepping ~*~*~tactically~*~*~ (stealth).
 12310 | Lair:5   | 12310 ||| INVOKING Heroism.
 12311 | Lair:5   | 12311 ||| INVOKING Finesse.
 12315 | Lair:5   | 12315 ||| SWAPPING to +0 morningstar.
 12319 | Lair:5   | 12319 ||| SWAPPING to +1 war axe of venom.
 12399 | Lair:5   | 12399 ||| SWAPPING to +2 war axe of draining.
 12538 | Lair:5   | 12538 ||| INVOKING Heroism.
 12687 | Lair:5   | 12687 ||| INVOKING Heroism.
 12729 | Lair:5   | 12729 ||| PLANNING D:1-11
 12729 | Lair:5   | 12729 ||| UPGRADING to +2 plate armour "Geufebewn" {rPois
                  | Will+}.
 12739 | Lair:5   | 12739 ||| DROPPING +4 chain mail.
 12740 | Lair:5   | 12740 ||| UPGRADING to amulet of reflection.
 12750 | Lair:5   | 12750 ||| DROPPING amulet of regeneration.
 12751 | Lair:5   | 12751 ||| READING scroll labelled HIGOACKIMNI.
 13110 | D:9      | 13110 ||| Stepping ~*~*~tactically~*~*~ (stealth).
 13113 | D:9      | Noticed Pikel
 13114 | D:9      | 13114 ||| Stepping ~*~*~tactically~*~*~ (stealth).
 13116 | D:9      | 13116 ||| Stepping ~*~*~tactically~*~*~ (stealth).
 13132 | D:9      | Killed Pikel
 13281 | D:9      | Reached XP level 15. HP: 106/106 MP: 22/22
 13402 | D:9      | 13402 ||| Stepping ~*~*~tactically~*~*~ (stealth).
 13460 | D:9      | 13460 ||| Stepping ~*~*~tactically~*~*~ (stealth).
 13468 | D:9      | 13468 ||| READING scroll of enchant weapon.
 13468 | D:9      | 13468 ||| ENCHANTING +2 war axe of draining.
 13759 | D:9      | 13759 ||| Stepping ~*~*~tactically~*~*~ (stealth).
 13760 | D:9      | 13760 ||| Stepping ~*~*~tactically~*~*~ (stealth).
 13761 | D:9      | 13761 ||| Stepping ~*~*~tactically~*~*~ (stealth).
 13762 | D:9      | 13762 ||| Stepping ~*~*~tactically~*~*~ (stealth).
 13764 | D:9      | 13764 ||| Stepping ~*~*~tactically~*~*~ (hiding).
 13765 | D:9      | 13765 ||| Stepping ~*~*~tactically~*~*~ (hiding).
 13776 | D:9      | 13776 ||| Stepping ~*~*~tactically~*~*~ (hiding).
 13965 | D:10     | Entered Level 10 of the Dungeon
 13982 | D:10     | Found a snail-covered altar of Cheibriados.
 13988 | D:10     | 13988 ||| READING scroll of enchant armour.
 13988 | D:10     | 13988 ||| ENCHANTING +0 helmet.
 14013 | D:10     | Found a glowing golden altar of the Shining One.
 14133 | D:10     | 14133 ||| Stepping ~*~*~tactically~*~*~ (hiding).
 14303 | D:10     | Found a bloodstained altar of Trog.
 14317 | D:10     | 14317 ||| Stepping ~*~*~tactically~*~*~ (hiding).
 14320 | D:10     | 14320 ||| Stepping ~*~*~tactically~*~*~ (hiding).
 14321 | D:10     | 14321 ||| Stepping ~*~*~tactically~*~*~ (hiding).
 14397 | D:10     | 14397 ||| Stepping ~*~*~tactically~*~*~ (hiding).
 14398 | D:10     | 14398 ||| Stepping ~*~*~tactically~*~*~ (hiding).
 14400 | D:10     | 14400 ||| Stepping ~*~*~tactically~*~*~ (hiding).
 14401 | D:10     | 14401 ||| Stepping ~*~*~tactically~*~*~ (hiding).
 14422 | D:10     | 14422 ||| Stepping ~*~*~tactically~*~*~ (stealth).
 14423 | D:10     | 14423 ||| Stepping ~*~*~tactically~*~*~ (stealth).
 14452 | D:10     | 14452 ||| Stepping ~*~*~tactically~*~*~ (stealth).
 14455 | D:10     | 14455 ||| Stepping ~*~*~tactically~*~*~ (stealth).
 14456 | D:10     | 14456 ||| Stepping ~*~*~tactically~*~*~ (stealth).
 14464 | D:10     | 14464 ||| Stepping ~*~*~tactically~*~*~ (stealth).
 14465 | D:10     | 14465 ||| Stepping ~*~*~tactically~*~*~ (stealth).
 14545 | D:10     | 14545 ||| Stepping ~*~*~tactically~*~*~ (stealth).
 14548 | D:10     | 14548 ||| Stepping ~*~*~tactically~*~*~ (hiding).
 14549 | D:10     | 14549 ||| Stepping ~*~*~tactically~*~*~ (hiding).
 14551 | D:10     | 14551 ||| Stepping ~*~*~tactically~*~*~ (hiding).
 14651 | D:10     | 14651 ||| Stepping ~*~*~tactically~*~*~ (stealth).
 14671 | D:10     | Found a runed translucent gate.
 14671 | D:10     | Found a runed translucent gate.
 14671 | D:10     | Found a runed translucent gate.
 14672 | D:10     | 14672 ||| Stepping ~*~*~tactically~*~*~ (hiding).
 14785 | D:10     | Noticed qw's ghost (journeyman GrFi)
 14785 | D:10     | Noticed qw's ghost (journeyman MiHs)
 14785 | D:10     | Noticed qw's ghost (journeyman GrFi)
 14804 | D:10     | 14804 ||| Stepping ~*~*~tactically~*~*~ (stealth).
 14808 | D:10     | 14808 ||| INVOKING Heroism.
 14879 | D:10     | Found an opulent altar of Gozag.
 14984 | D:10     | Reached skill level 12 in Armour
 14992 | D:10     | Found a stormy altar of Qazlal.
 15078 | D:10     | 15078 ||| READING 11 scrolls of identify.
 15078 | D:10     | 15078 ||| IDENTIFYING fizzy brown potion
 15079 | D:10     | 15079 ||| DROPPING potion of degeneration.
 15191 | D:11     | Noticed Nergalle
 15217 | D:11     | Killed Nergalle
 15636 | D:11     | 15636 ||| Stepping ~*~*~tactically~*~*~ (hiding).
 16135 | D:11     | 16135 ||| PLANNING D
 16135 | D:11     | 16135 ||| UPGRADING to +0 pair of gloves.
 16140 | D:11     | 16140 ||| UPGRADING to amulet of faith.
 16515 | D:12     | 16515 ||| Stepping ~*~*~tactically~*~*~ (hiding).
 16516 | D:12     | 16516 ||| Stepping ~*~*~tactically~*~*~ (stealth).
 16517 | D:12     | 16517 ||| Stepping ~*~*~tactically~*~*~ (hiding).
 16520 | D:12     | 16520 ||| Stepping ~*~*~tactically~*~*~ (hiding).
 16521 | D:12     | 16521 ||| Stepping ~*~*~tactically~*~*~ (stealth).
 16542 | D:12     | Found a staircase to the Orcish Mines.
 16545 | D:12     | 16545 ||| Stepping ~*~*~tactically~*~*~ (hiding).
 16547 | D:12     | 16547 ||| Stepping ~*~*~tactically~*~*~ (hiding).
 16548 | D:12     | 16548 ||| Stepping ~*~*~tactically~*~*~ (hiding).
 16550 | D:12     | 16550 ||| Stepping ~*~*~tactically~*~*~ (hiding).
 16586 | D:12     | 16586 ||| Stepping ~*~*~tactically~*~*~ (stealth).
 16611 | D:12     | 16611 ||| Stepping ~*~*~tactically~*~*~ (stealth).
 16615 | D:12     | 16615 ||| Stepping ~*~*~tactically~*~*~ (hiding).
 16619 | D:12     | 16619 ||| Stepping ~*~*~tactically~*~*~ (hiding).
 16624 | D:12     | 16624 ||| Stepping ~*~*~tactically~*~*~ (hiding).
 16630 | D:12     | 16630 ||| FLEEEEING.
 16631 | D:12     | 16631 ||| FLEEEEING.
 16634 | D:12     | 16634 ||| FLEEEEING.
 16635 | D:12     | 16635 ||| FLEEEEING.
 16640 | D:12     | 16640 ||| FLEEEEING.
 16641 | D:12     | 16641 ||| FLEEEEING.
 16642 | D:12     | 16642 ||| FLEEEEING.
 16643 | D:12     | 16643 ||| FLEEEEING.
 16644 | D:12     | 16644 ||| FLEEEEING.
 16645 | D:12     | 16645 ||| FLEEEEING.
 16646 | D:12     | 16646 ||| FLEEEEING.
 17156 | D:13     | Found a runed translucent door.
 17170 | D:13     | Found a runed translucent door.
 17185 | D:13     | Found a runed translucent door.
 17198 | D:13     | Found a runed translucent door.
 17201 | D:13     | 17201 ||| Stepping ~*~*~tactically~*~*~ (stealth).
 17272 | D:13     | Noticed Rupert
 17273 | D:13     | 17273 ||| INVOKING Heroism.
 17274 | D:13     | 17274 ||| INVOKING Finesse.
 17295 | D:13     | Killed Rupert
 17295 | D:13     | Received a gift from Okawaru
 17413 | D:13     | Found the +5 Storm Queen's Shield {shock, Fly rElec}
 17767 | D:13     | 17767 ||| Stepping ~*~*~tactically~*~*~ (hiding).
 17863 | D:13     | Noticed Josephine
 17887 | D:13     | Killed Josephine
 17896 | D:13     | 17896 ||| FLEEEEING.
 17898 | D:13     | 17898 ||| INVOKING Heroism.
 17903 | D:13     | Received a gift from Okawaru
 17904 | D:13     | Reached skill level 9 in Shields
 17965 | D:13     | 17965 ||| INVOKING Heroism.
 18192 | D:13     | 18192 ||| SWAPPING to +0 broad axe of freezing.
 18193 | D:13     | 18193 ||| DROPPING +1 war axe of venom.
 18194 | D:13     | 18194 ||| DROPPING +3 war axe of draining.
 18282 | D:13     | Found a gate to the Vaults.
 18417 | D:13     | 18417 ||| INVOKING Heroism.
 18522 | D:13     | Noticed Urug
 18523 | D:13     | 18523 ||| INVOKING Heroism.
 18524 | D:13     | 18524 ||| INVOKING Finesse.
 18535 | D:13     | Killed Urug
 18631 | D:13     | 18631 ||| UPGRADING to +5 Storm Queen's Shield {shock, Fly
                  | rElec}.
 18641 | D:13     | 18641 ||| DROPPING +0 buckler.
 18642 | D:13     | 18642 ||| UPGRADING to +2 helmet.
 18652 | D:13     | 18652 ||| DROPPING +1 helmet.
 18653 | D:13     | 18653 ||| DROPPING +6 ring of dexterity.
 18654 | D:13     | 18654 ||| DROPPING ring of magical power.
 18655 | D:13     | 18655 ||| UPGRADING to +5 ring of evasion.
 18657 | D:13     | 18657 ||| UPGRADING to +4 ring of protection.
 18659 | D:13     | 18659 ||| UPGRADING to +6 ring of strength.
 18661 | D:13     | 18661 ||| DROPPING ring of willpower.
 18662 | D:13     | 18662 ||| DROPPING +4 ring of protection.
 18663 | D:13     | 18663 ||| READING scroll labelled YCZALE PAANIU.
 18664 | D:13     | 18664 ||| DROPPING potion of invisibility.
 18713 | D:14     | 18713 ||| INVOKING Heroism.
 18729 | D:14     | HP: 7/107 [red ugly thing (20)]
 18730 | D:14     | 18730 ||| READING 3 scrolls of teleportation.
 18731 | D:14     | 18731 ||| DRINKING potion of heal wounds.
 18987 | D:14     | 18987 ||| INVOKING Heroism.
 18988 | D:14     | 18988 ||| INVOKING Finesse.
 18992 | D:14     | 18992 ||| SWAPPING to +0 morningstar.
 18997 | D:14     | 18997 ||| SWAPPING to +0 broad axe of freezing.
 19004 | D:14     | 19004 ||| Stepping ~*~*~tactically~*~*~ (stealth).
 19005 | D:14     | 19005 ||| Stepping ~*~*~tactically~*~*~ (stealth).
 19006 | D:14     | 19006 ||| Stepping ~*~*~tactically~*~*~ (stealth).
 19060 | D:14     | 19060 ||| Stepping ~*~*~tactically~*~*~ (stealth).
 19063 | D:14     | 19063 ||| Stepping ~*~*~tactically~*~*~ (stealth).
 19143 | D:14     | Received a gift from Okawaru
 19290 | D:14     | 19290 ||| READING scroll of enchant armour.
 19290 | D:14     | 19290 ||| ENCHANTING +0 pair of gloves.
 19435 | D:14     | 19435 ||| Stepping ~*~*~tactically~*~*~ (hiding).
 19644 | D:14     | 19644 ||| Stepping ~*~*~tactically~*~*~ (stealth).
 19648 | D:14     | Found a sparkling altar of Nemelex Xobeh.
 19661 | D:14     | 19661 ||| INVOKING Heroism.
 19881 | D:15     | Entered Level 15 of the Dungeon
 19890 | D:15     | 19890 ||| Stepping ~*~*~tactically~*~*~ (stealth).
 19894 | D:15     | Identified the +1 scale mail of Amelioration {rN+ Will+
                  | rCorr}
 19906 | D:15     | 19906 ||| INVOKING Heroism.
 19907 | D:15     | 19907 ||| INVOKING Finesse.
 19908 | D:15     | 19908 ||| INVOKING Finesse.
 19911 | D:15     | 19911 ||| SWAPPING to +0 morningstar.
 19921 | D:15     | 19921 ||| SWAPPING to +0 broad axe of freezing.
 19929 | D:15     | Identified the +5 hand axe of Dassufur {flame, rElec rF+
                  | rN+} (Okawaru gifted it to you on level 15 of the Dungeon)
 19929 | D:15     | Received a gift from Okawaru
 19960 | D:15     | 19960 ||| DROPPING +0 morningstar.
 19964 | D:15     | 19964 ||| Stepping ~*~*~tactically~*~*~ (hiding).
 19965 | D:15     | 19965 ||| Stepping ~*~*~tactically~*~*~ (hiding).
 19971 | D:15     | Reached XP level 16. HP: 114/114 MP: 23/23
 20055 | D:15     | Found a staircase to the Depths.
 20198 | D:15     | Found a basalt altar of Yredelemnul.
 20308 | D:15     | Identified the +3 sling "Ycoix" {antimagic, rElec Str+4
                  | SInv}
 20696 | D:15     | Identified the +1 hand axe "Luaf" {freeze, Str+6 Stlth-}
 20801 | D:15     | Found a sacrificial altar of Ru.
 20905 | D:15     | 20905 ||| PLANNING ORC
 20905 | D:15     | 20905 ||| DROPPING +0 acid dragon scales.
 21017 | Orc:1    | Entered Level 1 of the Orcish Mines
 21038 | Orc:1    | Reached skill level 12 in Shields
 21050 | Orc:1    | Noticed Erica
 21051 | Orc:1    | 21051 ||| INVOKING Heroism.
 21052 | Orc:1    | 21052 ||| INVOKING Finesse.
 21079 | Orc:1    | 21079 ||| STAIRDANCE
 21081 | D:12     | 21081 ||| DRINKING 6 potions of curing.
 21081 | D:12     | 21081 ||| (to cure confusion)
 21083 | D:12     | Killed Erica
 21131 | Orc:1    | Found a burning altar of Makhleb.
 21326 | Orc:1    | 21326 ||| Stepping ~*~*~tactically~*~*~ (stealth).
 21327 | Orc:1    | 21327 ||| Stepping ~*~*~tactically~*~*~ (stealth).
 21415 | Orc:2    | Entered Level 2 of the Orcish Mines
 21559 | Orc:2    | 21559 ||| INVOKING Heroism.
 21560 | Orc:2    | 21560 ||| INVOKING Finesse.
 21561 | Orc:2    | 21561 ||| INVOKING Finesse.
 21563 | Orc:2    | 21563 ||| Stepping ~*~*~tactically~*~*~ (hiding).
 21583 | Orc:2    | Reached skill level 6 in Throwing
 21706 | Orc:2    | 21706 ||| INVOKING Heroism.
 21754 | Orc:2    | Found a burning altar of Makhleb.
 21755 | Orc:2    | 21755 ||| INVOKING Heroism.
 21775 | Orc:2    | 21775 ||| Stepping ~*~*~tactically~*~*~ (hiding).
 21791 | Orc:2    | 21791 ||| INVOKING Heroism.
 21808 | Orc:2    | 21808 ||| INVOKING Heroism.
 21850 | Orc:2    | 21850 ||| FLEEEEING.
 21851 | Orc:2    | 21851 ||| FLEEEEING.
 21852 | Orc:2    | 21852 ||| FLEEEEING.
 21853 | Orc:2    | 21853 ||| FLEEEEING.
 21854 | Orc:2    | 21854 ||| FLEEEEING.
 21855 | Orc:2    | 21855 ||| FLEEEEING.
 21862 | Orc:2    | 21862 ||| FLEEEEING.
 21863 | Orc:2    | 21863 ||| FLEEEEING.
 21864 | Orc:2    | 21864 ||| FLEEEEING.
 21865 | Orc:2    | 21865 ||| FLEEEEING.
 21867 | Orc:2    | 21867 ||| FLEEEEING.
 21868 | Orc:2    | 21868 ||| FLEEEEING.
 21873 | Orc:2    | 21873 ||| FLEEEEING.
 21874 | Orc:2    | 21874 ||| FLEEEEING.
 21875 | Orc:2    | 21875 ||| FLEEEEING.
 21876 | Orc:2    | 21876 ||| FLEEEEING.
 21992 | Orc:2    | 21992 ||| Stepping ~*~*~tactically~*~*~ (hiding).
 22006 | Orc:2    | 22006 ||| Stepping ~*~*~tactically~*~*~ (stealth).
 22008 | Orc:2    | 22008 ||| Stepping ~*~*~tactically~*~*~ (stealth).
 22010 | Orc:2    | 22010 ||| INVOKING Heroism.
 22093 | Orc:2    | Found Fiargh's Armour Shoppe.
 22093 | Orc:2    | Found Diebyoha's Antique Weapon Shop.
 22095 | Orc:2    | Found Kurorph's Distillery.
 22097 | Orc:2    | Found Yniluas's Antique Armour Emporium.
 22104 | Orc:2    | 22104 ||| BUYING potion of attraction (36 gold).
 22104 | Orc:2    | Bought a potion of attraction for 36 gold pieces
 22104 | Orc:2    | 22104 ||| BUYING potion of attraction (36 gold).
 22104 | Orc:2    | Bought a potion of attraction for 36 gold pieces
 22104 | Orc:2    | 22104 ||| BUYING potion of curing (36 gold).
 22104 | Orc:2    | Bought a potion of curing for 36 gold pieces
 22104 | Orc:2    | 22104 ||| BUYING potion of enlightenment (60 gold).
 22104 | Orc:2    | Bought a potion of enlightenment for 60 gold pieces
 22104 | Orc:2    | 22104 ||| BUYING potion of enlightenment (60 gold).
 22104 | Orc:2    | Bought a potion of enlightenment for 60 gold pieces
 22104 | Orc:2    | 22104 ||| BUYING potion of haste (120 gold).
 22104 | Orc:2    | Bought a potion of haste for 120 gold pieces
 22109 | Orc:2    | 22109 ||| BUYING +3 pair of mountain boots {steadfast, rC+}
                  | (904 gold).
 22109 | Orc:2    | Bought the +3 pair of mountain boots {steadfast, rC+} for
                  | 904 gold pieces
 22109 | Orc:2    | Found the +3 pair of mountain boots {steadfast, rC+}
 22109 | Orc:2    | 22109 ||| BUYING embroidered hat (189 gold).
 22109 | Orc:2    | Bought an embroidered hat for 189 gold pieces
 22149 | Orc:2    | Found a burning altar of Makhleb.
 22171 | Orc:2    | Found a staircase to the Elven Halls.
 22615 | Orc:2    | 22615 ||| PLANNING SPIDER:1-3
 22615 | Orc:2    | 22615 ||| UPGRADING to +3 pair of mountain boots
                  | {steadfast, rC+}.
 22625 | Orc:2    | 22625 ||| UPGRADING to +2 hat of see invisible.
 22635 | Orc:2    | 22635 ||| DROPPING +0 pair of boots.
 22841 | Spider:1 | Entered Level 1 of the Spider Nest
 22846 | Spider:1 | 22846 ||| Stepping ~*~*~tactically~*~*~ (stealth).
 22901 | Spider:1 | Found a frozen archway.
 22984 | Spider:1 | 22984 ||| Stepping ~*~*~tactically~*~*~ (stealth).
 23154 | Spider:1 | Noticed Mlioglotl
 23155 | Spider:1 | 23155 ||| Stepping ~*~*~tactically~*~*~ (stealth).
 23157 | Spider:1 | 23157 ||| INVOKING Heroism.
 23174 | Spider:1 | Noticed a tentacled starspawn
 23181 | Spider:1 | Killed Mlioglotl
 23181 | Spider:1 | Received a gift from Okawaru
 23211 | Spider:1 | 23211 ||| Stepping ~*~*~tactically~*~*~ (stealth).
 23212 | Spider:1 | 23212 ||| Stepping ~*~*~tactically~*~*~ (stealth).
 23216 | Spider:1 | 23216 ||| Stepping ~*~*~tactically~*~*~ (stealth).
 23217 | Spider:1 | 23217 ||| Stepping ~*~*~tactically~*~*~ (stealth).
 23408 | Spider:1 | 23408 ||| INVOKING Heroism.
 23443 | Spider:1 | Received a gift from Okawaru
 23694 | Spider:1 | 23694 ||| READING scroll of enchant weapon.
 23694 | Spider:1 | 23694 ||| ENCHANTING +0 broad axe of freezing.
 23777 | Spider:1 | 23777 ||| INVOKING Heroism.
 23823 | Spider:1 | 23823 ||| Stepping ~*~*~tactically~*~*~ (stealth).
 23835 | Spider:1 | 23835 ||| Stepping ~*~*~tactically~*~*~ (stealth).
 23863 | Spider:1 | 23863 ||| Stepping ~*~*~tactically~*~*~ (stealth).
 23880 | Spider:1 | 23880 ||| Stepping ~*~*~tactically~*~*~ (stealth).
 23921 | Spider:1 | 23921 ||| Stepping ~*~*~tactically~*~*~ (stealth).
 23924 | Spider:1 | 23924 ||| Stepping ~*~*~tactically~*~*~ (stealth).
 24207 | Spider:2 | 24207 ||| INVOKING Heroism.
 24263 | Spider:2 | 24263 ||| Stepping ~*~*~tactically~*~*~ (stealth).
 24264 | Spider:2 | 24264 ||| Stepping ~*~*~tactically~*~*~ (stealth).
 24266 | Spider:2 | 24266 ||| Stepping ~*~*~tactically~*~*~ (stealth).
 24267 | Spider:2 | 24267 ||| Stepping ~*~*~tactically~*~*~ (stealth).
 24269 | Spider:2 | 24269 ||| Stepping ~*~*~tactically~*~*~ (stealth).
 24270 | Spider:2 | 24270 ||| Stepping ~*~*~tactically~*~*~ (stealth).
 24338 | Spider:2 | 24338 ||| Stepping ~*~*~tactically~*~*~ (stealth).
 24343 | Spider:2 | 24343 ||| INVOKING Finesse.
 24347 | Spider:2 | Received a gift from Okawaru
 24351 | Spider:2 | 24351 ||| DRINKING 6 potions of curing.
 24351 | Spider:2 | 24351 ||| (to cure confusion)
 24403 | Spider:2 | 24403 ||| READING scroll of enchant armour.
 24403 | Spider:2 | 24403 ||| ENCHANTING +1 pair of gloves.
 24537 | Spider:2 | 24537 ||| INVOKING Heroism.
 24539 | Spider:2 | Identified the +4 broad axe "Impslayer" {elec, *Rage Str+3
                  | Int+3 Dex+4 SInv} (Okawaru gifted it to you on level 2 of
                  | the Spider Nest)
 24539 | Spider:2 | Received a gift from Okawaru
 24556 | Spider:2 | 24556 ||| Stepping ~*~*~tactically~*~*~ (stealth).
 24567 | Spider:2 | Reached XP level 17. HP: 86/118 MP: 24/24
 24654 | Spider:2 | 24654 ||| DROPPING +4 broad axe "Impslayer" {elec, *Rage
                  | Str+3 Int+3 Dex+4 SInv, mikee}.
 24780 | Spider:2 | 24780 ||| INVOKING Finesse.
 24887 | Spider:2 | 24887 ||| INVOKING Finesse.
 24897 | Spider:2 | Reached skill level 18 in Axes
 25291 | Spider:2 | 25291 ||| Stepping ~*~*~tactically~*~*~ (stealth).
 25299 | Spider:2 | 25299 ||| INVOKING Heroism.
 25477 | Spider:2 | 25477 ||| UPGRADING to scarf of repulsion.
 25487 | Spider:2 | 25487 ||| READING scroll labelled QIELAM VOCEOTZ.
 25602 | Spider:3 | 25602 ||| INVOKING Heroism.
 25803 | Spider:3 | 25803 ||| INVOKING Heroism.
 25909 | Spider:3 | 25909 ||| INVOKING Heroism.
 26359 | Spider:3 | Received a gift from Okawaru
 26485 | Spider:3 | 26485 ||| Stepping ~*~*~tactically~*~*~ (stealth).
 26488 | Spider:3 | 26488 ||| Stepping ~*~*~tactically~*~*~ (stealth).
 26491 | Spider:3 | 26491 ||| Stepping ~*~*~tactically~*~*~ (stealth).
 26492 | Spider:3 | 26492 ||| Stepping ~*~*~tactically~*~*~ (stealth).
 26493 | Spider:3 | 26493 ||| Stepping ~*~*~tactically~*~*~ (stealth).
 26558 | Spider:3 | 26558 ||| Stepping ~*~*~tactically~*~*~ (hiding).
 26574 | Spider:3 | 26574 ||| INVOKING Heroism.
 26587 | Spider:3 | Identified the +3 hand axe of Zanaria {speed, Dex+4}
                  | (Okawaru gifted it to you on level 3 of the Spider Nest)
 26587 | Spider:3 | Received a gift from Okawaru
 26648 | Spider:3 | 26648 ||| INVOKING Heroism.
 26752 | Spider:3 | 26752 ||| Stepping ~*~*~tactically~*~*~ (stealth).
 26841 | Spider:3 | 26841 ||| INVOKING Finesse.
 26890 | Spider:3 | 26890 ||| Stepping ~*~*~tactically~*~*~ (stealth).
 26898 | Spider:3 | 26898 ||| Stepping ~*~*~tactically~*~*~ (stealth).
 27079 | Spider:3 | 27079 ||| Stepping ~*~*~tactically~*~*~ (stealth).
 27108 | Spider:3 | 27108 ||| INVOKING Heroism.
 27486 | Spider:3 | 27486 ||| PLANNING SHOALS:1-3
 27561 | Shoals:1 | Entered Level 1 of the Shoals
 27936 | Shoals:1 | 27936 ||| Stepping ~*~*~tactically~*~*~ (stealth).
 27940 | Shoals:1 | Reached skill level 15 in Fighting
 27945 | Shoals:1 | 27945 ||| Stepping ~*~*~tactically~*~*~ (stealth).
 27950 | Shoals:1 | 27950 ||| Stepping ~*~*~tactically~*~*~ (stealth).
 28090 | Shoals:1 | 28090 ||| INVOKING Heroism.
 28119 | Shoals:1 | Received a gift from Okawaru
 28338 | Shoals:1 | 28338 ||| INVOKING Heroism.
 28339 | Shoals:1 | 28339 ||| Stepping ~*~*~tactically~*~*~ (hiding).
 28340 | Shoals:1 | 28340 ||| INVOKING Finesse.
 28344 | Shoals:1 | 28344 ||| Stepping ~*~*~tactically~*~*~ (hiding).
 28370 | Shoals:1 | Received a gift from Okawaru
 28392 | Shoals:1 | 28392 ||| SWAPPING to +2 broad axe of freezing.
 28393 | Shoals:1 | 28393 ||| DROPPING +1 broad axe of freezing.
 28414 | Shoals:1 | 28414 ||| INVOKING Heroism.
 28415 | Shoals:1 | 28415 ||| INVOKING Finesse.
 28861 | Shoals:2 | 28861 ||| STAIRDANCE
 28947 | Shoals:2 | Reached XP level 18. HP: 130/130 MP: 25/25
 28947 | Shoals:2 | 28947 ||| DROPPING +5 hand axe of Dassufur {flame, rElec
                  | rF+ rN+}.
 28988 | Shoals:2 | 28988 ||| Stepping ~*~*~tactically~*~*~ (hiding).
 28992 | Shoals:2 | 28992 ||| Stepping ~*~*~tactically~*~*~ (hiding).
 28993 | Shoals:2 | 28993 ||| Stepping ~*~*~tactically~*~*~ (hiding).
 28994 | Shoals:2 | 28994 ||| Stepping ~*~*~tactically~*~*~ (hiding).
 29085 | Shoals:2 | 29085 ||| INVOKING Heroism.
 29096 | Shoals:2 | Reached skill level 15 in Shields
 29170 | Shoals:2 | 29170 ||| INVOKING Heroism.
 29344 | Shoals:2 | Received a gift from Okawaru
 29466 | Shoals:2 | 29466 ||| INVOKING Heroism.
 29522 | Shoals:2 | 29522 ||| FLEEEEING.
 29523 | Shoals:2 | 29523 ||| FLEEEEING.
 29525 | Shoals:2 | 29525 ||| FLEEEEING.
 29526 | Shoals:2 | 29526 ||| FLEEEEING.
 29527 | Shoals:2 | 29527 ||| FLEEEEING.
 29528 | Shoals:2 | 29528 ||| FLEEEEING.
 29529 | Shoals:2 | 29529 ||| FLEEEEING.
 29530 | Shoals:2 | 29530 ||| FLEEEEING.
 29531 | Shoals:2 | 29531 ||| FLEEEEING.
 29532 | Shoals:2 | 29532 ||| FLEEEEING.
 29533 | Shoals:2 | 29533 ||| FLEEEEING.
 29534 | Shoals:2 | 29534 ||| STAIRDANCE
 29604 | Shoals:2 | Received a gift from Okawaru
 30179 | Shoals:3 | 30179 ||| INVOKING Heroism.
 30180 | Shoals:3 | 30180 ||| INVOKING Finesse.
 30272 | Shoals:3 | 30272 ||| FLEEEEING.
 30277 | Shoals:3 | Found Guiff's Antique Armour Emporium.
 30373 | Shoals:3 | 30373 ||| INVOKING Heroism.
 30374 | Shoals:3 | 30374 ||| INVOKING Finesse.
 30379 | Shoals:3 | Received a gift from Okawaru
 30575 | Shoals:3 | Reached skill level 9 in Throwing
 30619 | Shoals:3 | 30619 ||| Stepping ~*~*~tactically~*~*~ (hiding).
 30911 | Shoals:3 | 30911 ||| PLANNING SPIDER:4
 31061 | Spider:4 | Entered Level 4 of the Spider Nest
 31065 | Spider:4 | 31065 ||| INVOKING Heroism.
 31080 | Spider:4 | 31080 ||| Stepping ~*~*~tactically~*~*~ (stealth).
 31082 | Spider:4 | 31082 ||| INVOKING Finesse.
 31194 | Spider:4 | 31194 ||| Stepping ~*~*~tactically~*~*~ (hiding).
 31198 | Spider:4 | 31198 ||| INVOKING Heroism.
 31217 | Spider:4 | 31217 ||| Stepping ~*~*~tactically~*~*~ (stealth).
 31279 | Spider:4 | 31279 ||| Stepping ~*~*~tactically~*~*~ (stealth).
 31280 | Spider:4 | 31280 ||| Stepping ~*~*~tactically~*~*~ (hiding).
 31281 | Spider:4 | 31281 ||| Stepping ~*~*~tactically~*~*~ (hiding).
 31289 | Spider:4 | Received a gift from Okawaru
 31326 | Spider:4 | 31326 ||| INVOKING Finesse.
 31471 | Spider:4 | 31471 ||| INVOKING Heroism.
 31486 | Spider:4 | Received a gift from Okawaru
 31512 | Spider:4 | 31512 ||| Stepping ~*~*~tactically~*~*~ (stealth).
 31578 | Spider:4 | 31578 ||| Stepping ~*~*~tactically~*~*~ (stealth).
 31579 | Spider:4 | 31579 ||| Stepping ~*~*~tactically~*~*~ (stealth).
 31757 | Spider:4 | 31757 ||| DROPPING +1 war axe of distortion.
 31846 | Spider:4 | Got a gossamer rune of Zot
 31948 | Spider:4 | 31948 ||| INVOKING Heroism.
 31951 | Spider:4 | 31951 ||| INVOKING Finesse.
 32018 | Spider:4 | 32018 ||| INVOKING Heroism.
 32027 | Spider:4 | Reached skill level 15 in Armour
 32035 | Spider:4 | Reached XP level 19. HP: 140/140 MP: 26/26
 32052 | Spider:4 | 32052 ||| INVOKING Heroism.
 32200 | Spider:4 | Gained mutation: Your magical capacity is low. (-10% MP)
                  | [mutagenic glow]
 32217 | Spider:4 | Gained mutation: Your body sometimes deteriorates upon
                  | taking damage. [mutagenic glow]
 32285 | Spider:4 | 32285 ||| PLANNING VAULTS:1-4
 32285 | Spider:4 | 32285 ||| DROPPING +1 pair of boots of stealth.
 32286 | Spider:4 | 32286 ||| DROPPING scarf of invisibility.
 32287 | Spider:4 | 32287 ||| DROPPING +6 ring of intelligence.
 32590 | Vaults:1 | Entered Level 1 of the Vaults
 32656 | Vaults:1 | Identified the +0 chain mail of the Turtle {Int+2}
 32708 | Vaults:1 | 32708 ||| INVOKING Heroism.
 32876 | Vaults:1 | 32876 ||| Stepping ~*~*~tactically~*~*~ (stealth).
 32892 | Vaults:1 | 32892 ||| INVOKING Heroism.
 33294 | Vaults:1 | 33294 ||| INVOKING Heroism.
 33320 | Vaults:1 | 33320 ||| INVOKING Heroism.
 33587 | Vaults:1 | Found a transporter.
 33591 | Vaults:1 | Found Vinuck's Magic Scroll Shop.
 33630 | Vaults:1 | Found a transporter.
 33654 | Vaults:1 | Received a gift from Okawaru
 33655 | Vaults:1 | 33655 ||| Stepping ~*~*~tactically~*~*~ (hiding).
 33821 | Vaults:1 | 33821 ||| Stepping ~*~*~tactically~*~*~ (hiding).
 33841 | Vaults:1 | 33841 ||| INVOKING Heroism.
 33851 | Vaults:1 | HP: 25/143 [vault guard/+2 bardiche[a vault warden] (13)]
 33852 | Vaults:1 | 33852 ||| READING 5 scrolls of teleportation.
 33853 | Vaults:1 | 33853 ||| DRINKING 3 potions of heal wounds.
 33854 | Vaults:1 | 33854 ||| DRINKING 2 potions of heal wounds.
 33857 | Vaults:1 | Received a gift from Okawaru
 33858 | Vaults:1 | Reached skill level 18 in Fighting
 33902 | Vaults:1 | 33902 ||| Stepping ~*~*~tactically~*~*~ (stealth).
 33903 | Vaults:1 | 33903 ||| Stepping ~*~*~tactically~*~*~ (stealth).
 33930 | Vaults:1 | 33930 ||| INVOKING Heroism.
 34157 | Vaults:1 | 34157 ||| Stepping ~*~*~tactically~*~*~ (stealth).
 34682 | Vaults:1 | 34682 ||| DROPPING +0 chain mail of the Turtle {Int+2}.
 34695 | Vaults:2 | 34695 ||| PLANNING BAZAAR
 34695 | Vaults:2 | 34695 ||| STAIRDANCE
 34914 | Vaults:2 | 34914 ||| INVOKING Heroism.
 34918 | Vaults:2 | Received a gift from Okawaru
 34920 | Vaults:2 | 34920 ||| Stepping ~*~*~tactically~*~*~ (stealth).
 34923 | Vaults:2 | 34923 ||| Stepping ~*~*~tactically~*~*~ (stealth).
 35120 | Vaults:2 | 35120 ||| INVOKING Heroism.
 35121 | Vaults:2 | 35121 ||| INVOKING Finesse.
 35253 | Vaults:2 | 35253 ||| Stepping ~*~*~tactically~*~*~ (hiding).
 35256 | Vaults:2 | 35256 ||| INVOKING Heroism.
 35257 | Vaults:2 | 35257 ||| INVOKING Finesse.
 35366 | Vaults:2 | Found a flickering gateway to a bazaar.
 35388 | Vaults:2 | 35388 ||| Stepping ~*~*~tactically~*~*~ (stealth).
 35515 | Vaults:2 | 35515 ||| FLEEEEING.
 35517 | Vaults:2 | 35517 ||| Stepping ~*~*~tactically~*~*~ (hiding).
 35531 | Vaults:2 | 35531 ||| INVOKING Heroism.
 35533 | Vaults:2 | 35533 ||| INVOKING Finesse.
 35545 | Vaults:2 | Identified the +2 hat of Okawaru's Grace {Str+2} (Okawaru
                  | gifted it to you on level 2 of the Vaults)
 35545 | Vaults:2 | Received a gift from Okawaru
 35771 | Vaults:2 | 35771 ||| Stepping ~*~*~tactically~*~*~ (hiding).
 35777 | Vaults:2 | 35777 ||| Stepping ~*~*~tactically~*~*~ (hiding).
 35778 | Vaults:2 | 35778 ||| Stepping ~*~*~tactically~*~*~ (hiding).
 35779 | Vaults:2 | 35779 ||| Stepping ~*~*~tactically~*~*~ (hiding).
 35842 | Vaults:2 | 35842 ||| Stepping ~*~*~tactically~*~*~ (hiding).
 35843 | Vaults:2 | 35843 ||| Stepping ~*~*~tactically~*~*~ (hiding).
 35872 | Vaults:2 | 35872 ||| Stepping ~*~*~tactically~*~*~ (hiding).
 35880 | Vaults:2 | 35880 ||| Stepping ~*~*~tactically~*~*~ (stealth).
 35887 | Vaults:2 | 35887 ||| RIP BAZAAR
 35918 | Vaults:2 | 35918 ||| PLANNING VAULTS:1-4
 35918 | Vaults:2 | 35918 ||| Stepping ~*~*~tactically~*~*~ (stealth).
 35923 | Vaults:2 | 35923 ||| Stepping ~*~*~tactically~*~*~ (stealth).
 35948 | Vaults:2 | 35948 ||| Stepping ~*~*~tactically~*~*~ (hiding).
 35950 | Vaults:2 | 35950 ||| Stepping ~*~*~tactically~*~*~ (hiding).
 35996 | Vaults:2 | Reached XP level 20. HP: 150/150 MP: 24/24
 36109 | Vaults:2 | Found Cauxkif's Armour Emporium.
 36119 | Vaults:2 | 36119 ||| BUYING +2 chain mail of cold resistance (236
                  | gold).
 36119 | Vaults:2 | Bought a +2 chain mail of cold resistance for 236 gold
                  | pieces
 36119 | Vaults:2 | 36119 ||| BUYING +4 chain mail of the Planets {*Slow rC+
                  | rCorr Stlth+} (454 gold).
 36119 | Vaults:2 | Bought the +4 chain mail of the Planets {*Slow rC+ rCorr
                  | Stlth+} for 454 gold pieces
 36269 | Vaults:2 | 36269 ||| Stepping ~*~*~tactically~*~*~ (hiding).
 36419 | Vaults:2 | Noticed a bone dragon
 36439 | Vaults:2 | Killed a bone dragon
 36467 | Vaults:2 | Found a staircase to the Crypt.
 36509 | Vaults:2 | 36509 ||| DROPPING +1 scale mail of Amelioration {rN+ Will+
                  | rCorr}.
 36514 | Vaults:2 | 36514 ||| INVOKING Heroism.
 36515 | Vaults:2 | 36515 ||| INVOKING Finesse.
 36555 | Vaults:2 | 36555 ||| DROPPING +2 chain mail of cold resistance.
 36789 | Vaults:2 | Found Akhlorot's Assorted Antiques.
 36802 | Vaults:2 | 36802 ||| BUYING 2 potions of heal wounds (430 gold).
 36802 | Vaults:2 | Bought 2 potions of heal wounds for 430 gold pieces
 36802 | Vaults:2 | 36802 ||| BUYING pair of glowing boots (322 gold).
 36802 | Vaults:2 | Bought a pair of glowing boots for 322 gold pieces
 36802 | Vaults:2 | 36802 ||| BUYING potion of heal wounds (215 gold).
 36802 | Vaults:2 | Bought a potion of heal wounds for 215 gold pieces
 36824 | Vaults:2 | 36824 ||| DROPPING +2 hat of Okawaru's Grace {Str+2}.
 36825 | Vaults:2 | 36825 ||| DROPPING +1 pair of boots.
 36890 | Vaults:3 | 36890 ||| FLEEEEING.
 36891 | Vaults:3 | 36891 ||| FLEEEEING.
 36892 | Vaults:3 | 36892 ||| FLEEEEING.
 36893 | Vaults:3 | 36893 ||| FLEEEEING.
 36894 | Vaults:3 | 36894 ||| FLEEEEING.
 36895 | Vaults:3 | 36895 ||| FLEEEEING.
 36896 | Vaults:3 | 36896 ||| FLEEEEING.
 36897 | Vaults:3 | 36897 ||| FLEEEEING.
 36898 | Vaults:3 | 36898 ||| FLEEEEING.
 36904 | Vaults:3 | 36904 ||| FLEEEEING.
 36905 | Vaults:3 | 36905 ||| FLEEEEING.
 36907 | Vaults:3 | 36907 ||| STAIRDANCE
 36990 | Vaults:3 | 36990 ||| STAIRDANCE
 37362 | Vaults:3 | 37362 ||| Stepping ~*~*~tactically~*~*~ (hiding).
 37363 | Vaults:3 | 37363 ||| Stepping ~*~*~tactically~*~*~ (hiding).
 37722 | Vaults:3 | 37722 ||| Stepping ~*~*~tactically~*~*~ (hiding).
 37724 | Vaults:3 | 37724 ||| Stepping ~*~*~tactically~*~*~ (hiding).
 37725 | Vaults:3 | 37725 ||| Stepping ~*~*~tactically~*~*~ (hiding).
 37733 | Vaults:3 | 37733 ||| Stepping ~*~*~tactically~*~*~ (stealth).
 37764 | Vaults:3 | 37764 ||| Stepping ~*~*~tactically~*~*~ (hiding).
 37771 | Vaults:3 | Received a gift from Okawaru
 37838 | Vaults:3 | 37838 ||| Stepping ~*~*~tactically~*~*~ (hiding).
 37957 | Vaults:3 | Received a gift from Okawaru
 38208 | Vaults:3 | 38208 ||| Stepping ~*~*~tactically~*~*~ (hiding).
 38252 | Vaults:3 | Noticed Nikola
 38265 | Vaults:3 | 38265 ||| INVOKING Heroism.
 38266 | Vaults:3 | Killed Nikola
 38266 | Vaults:3 | Received a gift from Okawaru
 38507 | Vaults:3 | 38507 ||| Stepping ~*~*~tactically~*~*~ (hiding).
 38516 | Vaults:3 | 38516 ||| INVOKING Heroism.
 38536 | Vaults:3 | 38536 ||| Stepping ~*~*~tactically~*~*~ (stealth).
 38792 | Vaults:3 | 38792 ||| DROPPING +2 pair of boots of rampaging.
 39006 | Vaults:4 | 39006 ||| INVOKING Finesse.
 39639 | Vaults:4 | 39639 ||| Stepping ~*~*~tactically~*~*~ (hiding).
 39694 | Vaults:4 | 39694 ||| Stepping ~*~*~tactically~*~*~ (stealth).
 39743 | Vaults:4 | Found Suxkopam's Weapon Shoppe.
 39829 | Vaults:4 | 39829 ||| Stepping ~*~*~tactically~*~*~ (stealth).
 39831 | Vaults:4 | 39831 ||| Stepping ~*~*~tactically~*~*~ (stealth).
 39836 | Vaults:4 | 39836 ||| Stepping ~*~*~tactically~*~*~ (stealth).
 39837 | Vaults:4 | 39837 ||| INVOKING Heroism.
 39893 | Vaults:4 | Found Alerih's Magic Scroll Shoppe.
 39898 | Vaults:4 | 39898 ||| BUYING scroll of brand weapon (171 gold).
 39898 | Vaults:4 | Bought a scroll of brand weapon for 171 gold pieces
 39898 | Vaults:4 | 39898 ||| READING scroll of brand weapon.
 39898 | Vaults:4 | 39898 ||| BRANDING +2 broad axe of freezing.
 40181 | Vaults:4 | 40181 ||| PLANNING SHOALS:4
 40181 | Vaults:4 | 40181 ||| DROPPING amulet of guardian spirit.
 40613 | Shoals:4 | Entered Level 4 of the Shoals
 40616 | Shoals:4 | Identified the +6 scale mail of the Unbroken {Contam
                  | Rampage rElec}
 40621 | Shoals:4 | 40621 ||| Stepping ~*~*~tactically~*~*~ (hiding).
 40624 | Shoals:4 | 40624 ||| Stepping ~*~*~tactically~*~*~ (hiding).
 40664 | Shoals:4 | 40664 ||| INVOKING Heroism.
 40734 | Shoals:4 | 40734 ||| FLEEEEING.
 40737 | Shoals:4 | 40737 ||| FLEEEEING.
 40738 | Shoals:4 | 40738 ||| FLEEEEING.
 40739 | Shoals:4 | 40739 ||| FLEEEEING.
 40740 | Shoals:4 | 40740 ||| FLEEEEING.
 40741 | Shoals:4 | 40741 ||| FLEEEEING.
 40742 | Shoals:4 | 40742 ||| FLEEEEING.
 40743 | Shoals:4 | 40743 ||| FLEEEEING.
 40744 | Shoals:4 | 40744 ||| FLEEEEING.
 40745 | Shoals:4 | 40745 ||| STAIRDANCE
 40886 | Shoals:4 | Reached XP level 21. HP: 142/160 MP: 25/25
 40952 | Shoals:4 | 40952 ||| FLEEEEING.
 40953 | Shoals:4 | 40953 ||| FLEEEEING.
 40954 | Shoals:4 | 40954 ||| FLEEEEING.
 40955 | Shoals:4 | 40955 ||| FLEEEEING.
 41147 | Shoals:4 | 41147 ||| READING scroll of enchant weapon.
 41147 | Shoals:4 | 41147 ||| ENCHANTING +2 broad axe of venom.
 41246 | Shoals:4 | 41246 ||| Stepping ~*~*~tactically~*~*~ (hiding).
 41248 | Shoals:4 | 41248 ||| Stepping ~*~*~tactically~*~*~ (hiding).
 41249 | Shoals:4 | Identified the +0 crystal plate armour "Iletemyu" {rF+}
 41255 | Shoals:4 | 41255 ||| Stepping ~*~*~tactically~*~*~ (hiding).
 41352 | Shoals:4 | 41352 ||| Stepping ~*~*~tactically~*~*~ (stealth).
 41365 | Shoals:4 | 41365 ||| Stepping ~*~*~tactically~*~*~ (hiding).
 41371 | Shoals:4 | Received a gift from Okawaru
 41395 | Shoals:4 | 41395 ||| Stepping ~*~*~tactically~*~*~ (stealth).
 41404 | Shoals:4 | 41404 ||| Stepping ~*~*~tactically~*~*~ (hiding).
 41448 | Shoals:4 | 41448 ||| Stepping ~*~*~tactically~*~*~ (hiding).
 41465 | Shoals:4 | 41465 ||| Stepping ~*~*~tactically~*~*~ (hiding).
 41489 | Shoals:4 | Reached skill level 6 in Dodging
 41545 | Shoals:4 | 41545 ||| INVOKING Heroism.
 41546 | Shoals:4 | 41546 ||| INVOKING Finesse.
 41706 | Shoals:4 | 41706 ||| INVOKING Heroism.
 41734 | Shoals:4 | Received a gift from Okawaru
 42043 | Shoals:4 | Got a barnacled rune of Zot
 42123 | Shoals:4 | 42123 ||| PLANNING DEPTHS
 42123 | Shoals:4 | 42123 ||| DROPPING +1 plate armour of fire resistance.
 42124 | Shoals:4 | 42124 ||| UPGRADING to +0 crystal plate armour "Iletemyu"
                  | {rF+}.
 42134 | Shoals:4 | 42134 ||| DROPPING +2 plate armour "Geufebewn" {rPois
                  | Will+}.
 42135 | Shoals:4 | 42135 ||| DROPPING +4 plate armour of fire resistance.
 42490 | Depths:1 | Entered Level 1 of the Depths
 42504 | Depths:1 | 42504 ||| INVOKING Finesse.
 42516 | Depths:1 | 42516 ||| INVOKING Heroism.
 42519 | Depths:1 | Reached skill level 18 in Armour
 42812 | Depths:1 | Found a one-way gate to the infinite horrors of the Abyss.
 42827 | Depths:1 | Found a portal to a secret trove of treasure.
 42855 | Depths:1 | 42855 ||| Stepping ~*~*~tactically~*~*~ (stealth).
 43022 | Depths:1 | 43022 ||| Stepping ~*~*~tactically~*~*~ (stealth).
 43043 | Depths:1 | Received a gift from Okawaru
 43153 | Depths:1 | Found a gateway to Hell.
 43253 | Depths:1 | Found a one-way gateway to a ziggurat.
 43254 | Depths:1 | 43254 ||| Stepping ~*~*~tactically~*~*~ (stealth).
 43256 | Depths:1 | 43256 ||| Stepping ~*~*~tactically~*~*~ (stealth).
 43257 | Depths:1 | 43257 ||| Stepping ~*~*~tactically~*~*~ (stealth).
 43264 | Depths:1 | Received a gift from Okawaru
 43510 | Depths:1 | 43510 ||| Stepping ~*~*~tactically~*~*~ (stealth).
 43615 | Depths:1 | Found a runed translucent gate.
 43615 | Depths:1 | Found a runed translucent gate.
 43616 | Depths:1 | Found a runed translucent gate.
 43617 | Depths:1 | Found an ancient bone altar of Kikubaaqudgha.
 43617 | Depths:1 | Noticed an ancient lich
 43617 | Depths:1 | Noticed a dread lich
 43617 | Depths:1 | Found the +8 Vampire's Tooth {megavamp}
 43617 | Depths:1 | Noticed a dread lich
 43617 | Depths:1 | Noticed qw's ghost (adept GrFi)
 43618 | Depths:1 | Noticed qw's ghost (veteran GrFi)
 43715 | Depths:1 | 43715 ||| Stepping ~*~*~tactically~*~*~ (hiding).
 43832 | Depths:1 | 43832 ||| INVOKING Heroism.
 43833 | Depths:1 | 43833 ||| INVOKING Finesse.
 43836 | Depths:1 | Received a gift from Okawaru
 44043 | Depths:2 | 44043 ||| Stepping ~*~*~tactically~*~*~ (hiding).
 44046 | Depths:2 | 44046 ||| Stepping ~*~*~tactically~*~*~ (hiding).
 44047 | Depths:2 | 44047 ||| INVOKING Heroism.
 44048 | Depths:2 | 44048 ||| INVOKING Finesse.
 44130 | Depths:2 | 44130 ||| READING scroll of enchant weapon.
 44130 | Depths:2 | 44130 ||| ENCHANTING +3 broad axe of venom.
 44240 | Depths:2 | 44240 ||| Stepping ~*~*~tactically~*~*~ (hiding).
 44245 | Depths:2 | 44245 ||| INVOKING Heroism.
 44247 | Depths:2 | 44247 ||| INVOKING Finesse.
 44248 | Depths:2 | Found a one-way gate leading to the halls of Pandemonium.
 44276 | Depths:2 | Noticed a juggernaut
 44286 | Depths:2 | Killed a juggernaut
 44311 | Depths:2 | 44311 ||| Stepping ~*~*~tactically~*~*~ (hiding).
 44313 | Depths:2 | 44313 ||| Stepping ~*~*~tactically~*~*~ (hiding).
 44314 | Depths:2 | 44314 ||| INVOKING Heroism.
 44315 | Depths:2 | 44315 ||| INVOKING Finesse.
 44343 | Depths:2 | Received a gift from Okawaru
 44449 | Depths:2 | 44449 ||| Stepping ~*~*~tactically~*~*~ (stealth).
 44464 | Depths:2 | 44464 ||| Stepping ~*~*~tactically~*~*~ (stealth).
 44513 | Depths:2 | 44513 ||| Stepping ~*~*~tactically~*~*~ (hiding).
 44555 | Depths:2 | 44555 ||| Stepping ~*~*~tactically~*~*~ (hiding).
 44568 | Depths:2 | 44568 ||| INVOKING Heroism.
 44570 | Depths:2 | 44570 ||| DRINKING 10 potions of curing.
 44570 | Depths:2 | 44570 ||| (to cure confusion)
 44707 | Depths:2 | 44707 ||| Stepping ~*~*~tactically~*~*~ (stealth).
 44708 | Depths:2 | 44708 ||| Stepping ~*~*~tactically~*~*~ (stealth).
 44709 | Depths:2 | 44709 ||| Stepping ~*~*~tactically~*~*~ (stealth).
 44755 | Depths:2 | 44755 ||| INVOKING Heroism.
 44936 | Depths:2 | 44936 ||| Stepping ~*~*~tactically~*~*~ (hiding).
 44982 | Depths:2 | 44982 ||| Stepping ~*~*~tactically~*~*~ (hiding).
 44992 | Depths:2 | Identified a scroll of acquirement
 45023 | Depths:2 | 45023 ||| READING scroll of acquirement.
 45023 | Depths:2 | 45023 ||| ACQUIRING +6 broad axe of freezing
 45023 | Depths:2 | Acquired a +6 broad axe of freezing
 45025 | Depths:2 | 45025 ||| SWAPPING to +6 broad axe of freezing.
 45026 | Depths:2 | 45026 ||| DROPPING +4 broad axe of venom.
 45041 | Depths:2 | Identified the +7 glaive "Gapt" {flame, *Noise rN+ Will++}
 45045 | Depths:2 | 45045 ||| FLEEEEING.
 45046 | Depths:2 | 45046 ||| FLEEEEING.
 45047 | Depths:2 | 45047 ||| FLEEEEING.
 45051 | Depths:2 | 45051 ||| INVOKING Heroism.
 45052 | Depths:2 | 45052 ||| INVOKING Finesse.
 45059 | Depths:2 | Received a gift from Okawaru
 45060 | Depths:2 | Reached skill level 21 in Armour
 45091 | Depths:2 | Reached XP level 22. HP: 88/167 MP: 21/26
 45394 | Depths:2 | 45394 ||| Stepping ~*~*~tactically~*~*~ (stealth).
 45411 | Depths:2 | 45411 ||| INVOKING Heroism.
 45412 | Depths:2 | 45412 ||| INVOKING Finesse.
 45468 | Depths:2 | Noticed Margery
 45469 | Depths:2 | 45469 ||| Stepping ~*~*~tactically~*~*~ (stealth).
 45472 | Depths:2 | 45472 ||| DRINKING 2 potions of resistance.
 45482 | Depths:2 | Received a gift from Okawaru
 45493 | Depths:2 | 45493 ||| INVOKING Heroism.
 45498 | Depths:2 | Killed Margery
 46083 | Depths:3 | 46083 ||| STAIRDANCE
 46186 | Depths:3 | Noticed Mennas
 46187 | Depths:3 | 46187 ||| INVOKING Heroism.
 46188 | Depths:3 | 46188 ||| INVOKING Finesse.
 46218 | Depths:3 | Received a gift from Okawaru
 46218 | Depths:3 | Noticed a caustic shrike
 46235 | Depths:3 | 46235 ||| STAIRDANCE
 46235 | Depths:3 | HP: 21/167 [spriggan defender/+0 quick blade of venom (25)]
 46237 | Depths:2 | 46237 ||| DRINKING 9 potions of curing.
 46237 | Depths:2 | 46237 ||| (to cure confusion)
 46238 | Depths:2 | 46238 ||| READING 10 scrolls of teleportation.
 46238 | Depths:2 | HP: 10/167 [fire dragon/blast of flame (4)]
 46239 | Depths:2 | 46239 ||| DRINKING 4 potions of heal wounds.
 46240 | Depths:2 | 46240 ||| DRINKING 3 potions of heal wounds.
 46582 | Depths:3 | 46582 ||| STAIRDANCE
 46627 | Depths:2 | 46627 ||| Stepping ~*~*~tactically~*~*~ (stealth).
 46629 | Depths:2 | 46629 ||| Stepping ~*~*~tactically~*~*~ (stealth).
 46643 | Depths:2 | Received a gift from Okawaru
 46662 | Depths:2 | 46662 ||| READING scroll of brand weapon.
 46662 | Depths:2 | 46662 ||| BRANDING +6 broad axe of freezing.
 46691 | Depths:3 | 46691 ||| INVOKING Finesse.
 46711 | Depths:3 | Noticed a golden dragon
 46712 | Depths:3 | 46712 ||| INVOKING Heroism.
 46737 | Depths:3 | Killed a golden dragon
 46755 | Depths:3 | HP: 26/167 [titan/the air (33)]
 46756 | Depths:3 | 46756 ||| READING 9 scrolls of teleportation.
 46757 | Depths:3 | 46757 ||| DRINKING 2 potions of heal wounds.
 46758 | Depths:3 | 46758 ||| DRINKING potion of heal wounds.
 46763 | Depths:3 | HP: 34/167 [titan/bolt of lightning (15)]
 46765 | Depths:3 | 46765 ||| Stepping ~*~*~tactically~*~*~ (hiding).
 46767 | Depths:3 | 46767 ||| Stepping ~*~*~tactically~*~*~ (hiding).
 46768 | Depths:3 | 46768 ||| READING 8 scrolls of teleportation.
 46769 | Depths:3 | 46769 ||| INVOKING Heroism.
 46770 | Depths:3 | 46770 ||| Stepping ~*~*~tactically~*~*~ (hiding).
 46774 | Depths:3 | 46774 ||| READING 7 scrolls of teleportation.
 46775 | Depths:3 | HP: 35/167 [tengu reaver/+0 war axe (3)]
 46778 | Depths:3 | 46778 ||| READING 6 scrolls of teleportation.
 46780 | Depths:3 | HP: 30/166 [vampire mage/bolt of negative energy (1)]
 47083 | Depths:3 | 47083 ||| Stepping ~*~*~tactically~*~*~ (stealth).
 47089 | Depths:3 | 47089 ||| Stepping ~*~*~tactically~*~*~ (hiding).
 47094 | Depths:3 | 47094 ||| Stepping ~*~*~tactically~*~*~ (hiding).
 47141 | Depths:3 | 47141 ||| Stepping ~*~*~tactically~*~*~ (stealth).
 47143 | Depths:3 | 47143 ||| Stepping ~*~*~tactically~*~*~ (stealth).
 47144 | Depths:3 | 47144 ||| Stepping ~*~*~tactically~*~*~ (stealth).
 47145 | Depths:3 | 47145 ||| Stepping ~*~*~tactically~*~*~ (stealth).
 47147 | Depths:3 | 47147 ||| Stepping ~*~*~tactically~*~*~ (stealth).
 47157 | Depths:3 | Received a gift from Okawaru
 47167 | Depths:3 | 47167 ||| INVOKING Heroism.
 47168 | Depths:3 | 47168 ||| INVOKING Finesse.
 47228 | Depths:3 | Noticed Mara
 47230 | Depths:3 | 47230 ||| Stepping ~*~*~tactically~*~*~ (hiding).
 47232 | Depths:3 | 47232 ||| INVOKING Heroism.
 47243 | Depths:3 | Reached skill level 21 in Fighting
 47260 | Depths:3 | Noticed qw's illusion
 47261 | Depths:3 | Killed Mara
 47261 | Depths:3 | Received a gift from Okawaru
 47262 | Depths:3 | Reached skill level 18 in Shields
 47272 | Depths:3 | 47272 ||| Stepping ~*~*~tactically~*~*~ (hiding).
 47290 | Depths:3 | 47290 ||| Stepping ~*~*~tactically~*~*~ (stealth).
 47291 | Depths:3 | 47291 ||| Stepping ~*~*~tactically~*~*~ (stealth).
 47305 | Depths:3 | 47305 ||| INVOKING Heroism.
 47306 | Depths:3 | 47306 ||| INVOKING Finesse.
 47324 | Depths:3 | Received a gift from Okawaru
 47346 | Depths:3 | Noticed a juggernaut
 47347 | Depths:3 | 47347 ||| INVOKING Heroism.
 47348 | Depths:3 | 47348 ||| INVOKING Finesse.
 47369 | Depths:3 | Killed a juggernaut
 47408 | Depths:3 | 47408 ||| Stepping ~*~*~tactically~*~*~ (hiding).
 47485 | Depths:3 | Found a corrupted altar of Lugonu.
 47508 | Depths:3 | 47508 ||| Stepping ~*~*~tactically~*~*~ (stealth).
 47529 | Depths:3 | Received a gift from Okawaru
 47537 | Depths:3 | 47537 ||| INVOKING Heroism.
 47564 | Depths:3 | 47564 ||| Stepping ~*~*~tactically~*~*~ (stealth).
 47571 | Depths:3 | 47571 ||| FLEEEEING.
 47572 | Depths:3 | 47572 ||| FLEEEEING.
 47599 | Depths:3 | 47599 ||| INVOKING Heroism.
 47609 | Depths:3 | 47609 ||| Stepping ~*~*~tactically~*~*~ (hiding).
 47785 | Depths:3 | 47785 ||| Stepping ~*~*~tactically~*~*~ (stealth).
 47812 | Depths:3 | 47812 ||| Stepping ~*~*~tactically~*~*~ (hiding).
 47837 | Depths:3 | 47837 ||| Stepping ~*~*~tactically~*~*~ (hiding).
 47932 | Depths:3 | 47932 ||| Stepping ~*~*~tactically~*~*~ (hiding).
 47947 | Depths:3 | 47947 ||| Stepping ~*~*~tactically~*~*~ (hiding).
 47969 | Depths:3 | Noticed a golden dragon
 47970 | Depths:3 | 47970 ||| Stepping ~*~*~tactically~*~*~ (stealth).
 47973 | Depths:3 | 47973 ||| INVOKING Heroism.
 47980 | Depths:3 | Killed a golden dragon
 47994 | Depths:3 | Reached skill level 12 in Throwing
 47994 | Depths:3 | Reached XP level 23. HP: 171/176 MP: 27/27
 47994 | Depths:3 | 47994 ||| Stepping ~*~*~tactically~*~*~ (hiding).
 48020 | Depths:3 | 48020 ||| INVOKING Finesse.
 48046 | Depths:3 | 48046 ||| Stepping ~*~*~tactically~*~*~ (hiding).
 48047 | Depths:3 | 48047 ||| Stepping ~*~*~tactically~*~*~ (hiding).
 48054 | Depths:3 | 48054 ||| Stepping ~*~*~tactically~*~*~ (hiding).
 48102 | Depths:3 | 48102 ||| Stepping ~*~*~tactically~*~*~ (stealth).
 48193 | Depths:3 | 48193 ||| Stepping ~*~*~tactically~*~*~ (hiding).
 48312 | Depths:3 | 48312 ||| INVOKING Heroism.
 48323 | Depths:3 | 48323 ||| Stepping ~*~*~tactically~*~*~ (stealth).
 48447 | Depths:3 | Identified the ring of Viatsuamm {rPois rCorr Int+6}
 48714 | Depths:3 | 48714 ||| Stepping ~*~*~tactically~*~*~ (stealth).
 48716 | Depths:3 | 48716 ||| INVOKING Finesse.
 48720 | Depths:3 | 48720 ||| Stepping ~*~*~tactically~*~*~ (stealth).
 48751 | Depths:3 | 48751 ||| Stepping ~*~*~tactically~*~*~ (stealth).
 48782 | Depths:3 | 48782 ||| Stepping ~*~*~tactically~*~*~ (hiding).
 49027 | Depths:3 | 49027 ||| DROPPING scarf of repulsion.
 49073 | Depths:4 | Entered Level 4 of the Depths
 49099 | Depths:4 | 49099 ||| Stepping ~*~*~tactically~*~*~ (hiding).
 49102 | Depths:4 | 49102 ||| Stepping ~*~*~tactically~*~*~ (stealth).
 49114 | Depths:4 | 49114 ||| Stepping ~*~*~tactically~*~*~ (hiding).
 49141 | Depths:4 | 49141 ||| FLEEEEING.
 49150 | Depths:4 | Received a gift from Okawaru
 49249 | Depths:4 | Identified the +5 robe of the Narrow Catamount {Fly Dex+2}
 49251 | Depths:4 | 49251 ||| Stepping ~*~*~tactically~*~*~ (stealth).
 49252 | Depths:4 | 49252 ||| Stepping ~*~*~tactically~*~*~ (stealth).
 49306 | Depths:4 | 49306 ||| INVOKING Heroism.
 49307 | Depths:4 | 49307 ||| INVOKING Finesse.
 49310 | Depths:4 | Noticed a golden dragon
 49328 | Depths:4 | Killed a golden dragon
 49410 | Depths:4 | 49410 ||| INVOKING Heroism.
 49426 | Depths:4 | Noticed Saint Roka
 49427 | Depths:4 | Received a gift from Okawaru
 49430 | Depths:4 | HP: 39/178 [Saint Roka/divine providence (10)]
 49431 | Depths:4 | 49431 ||| READING 6 scrolls of teleportation.
 49432 | Depths:4 | 49432 ||| DRINKING 2 potions of heal wounds.
 49440 | Depths:4 | 49440 ||| Stepping ~*~*~tactically~*~*~ (stealth).
 49444 | Depths:4 | HP: 24/178 [deep troll earth mage/Lee's Rapid
                  | Deconstruction (35)]
 49445 | Depths:4 | 49445 ||| Stepping ~*~*~tactically~*~*~ (hiding).
 49446 | Depths:4 | 49446 ||| READING 5 scrolls of teleportation.
 49447 | Depths:4 | 49447 ||| DRINKING potion of heal wounds.
 49468 | Depths:4 | 49468 ||| Stepping ~*~*~tactically~*~*~ (stealth).
 49470 | Depths:4 | 49470 ||| Stepping ~*~*~tactically~*~*~ (hiding).
 49471 | Depths:4 | 49471 ||| Stepping ~*~*~tactically~*~*~ (hiding).
 49473 | Depths:4 | 49473 ||| INVOKING Heroism.
 49478 | Depths:4 | HP: 36/178 [Saint Roka/+1 halberd of freezing (10)]
 49479 | Depths:4 | 49479 ||| READING 4 scrolls of teleportation.
 49820 | Depths:4 | 49820 ||| Stepping ~*~*~tactically~*~*~ (hiding).
 49821 | Depths:4 | 49821 ||| Stepping ~*~*~tactically~*~*~ (hiding).
 49822 | Depths:4 | 49822 ||| Stepping ~*~*~tactically~*~*~ (hiding).
 49823 | Depths:4 | 49823 ||| Stepping ~*~*~tactically~*~*~ (hiding).
 49846 | Depths:4 | 49846 ||| INVOKING Heroism.
 49854 | Depths:4 | Killed Saint Roka
 49866 | Depths:4 | 49866 ||| Stepping ~*~*~tactically~*~*~ (stealth).
 49892 | Depths:4 | 49892 ||| Stepping ~*~*~tactically~*~*~ (stealth).
 49896 | Depths:4 | 49896 ||| Stepping ~*~*~tactically~*~*~ (stealth).
 49918 | Depths:4 | 49918 ||| Stepping ~*~*~tactically~*~*~ (stealth).
 49923 | Depths:4 | 49923 ||| INVOKING Heroism.
 49955 | Depths:4 | 49955 ||| Stepping ~*~*~tactically~*~*~ (stealth).
 49973 | Depths:4 | 49973 ||| FLEEEEING.
 49974 | Depths:4 | 49974 ||| FLEEEEING.
 49975 | Depths:4 | 49975 ||| FLEEEEING.
 50121 | Depths:4 | 50121 ||| Stepping ~*~*~tactically~*~*~ (hiding).
 50128 | Depths:4 | 50128 ||| Stepping ~*~*~tactically~*~*~ (hiding).
 50234 | Depths:4 | Found a gate to the Realm of Zot.
 50682 | Depths:4 | 50682 ||| INVOKING Heroism.
 50683 | Depths:4 | 50683 ||| INVOKING Finesse.
 50742 | Depths:4 | 50742 ||| PLANNING VAULTS:5
 50742 | Depths:4 | 50742 ||| DROPPING +1 pair of boots of rampaging.
 50789 | Depths:2 | 50789 ||| Stepping ~*~*~tactically~*~*~ (stealth).
 50790 | Depths:2 | 50790 ||| INVOKING Heroism.
 50799 | Depths:2 | Killed a caustic shrike
 50811 | Depths:2 | 50811 ||| DRINKING 12 potions of curing.
 50811 | Depths:2 | 50811 ||| (to cure confusion)
 50828 | Depths:2 | 50828 ||| INVOKING Heroism.
 50836 | Depths:2 | 50836 ||| DRINKING 11 potions of curing.
 50836 | Depths:2 | 50836 ||| (to cure confusion)
 50837 | Depths:2 | Killed Mennas
 50894 | Depths:2 | 50894 ||| UPGRADING to +0 tower shield.
 50904 | Depths:2 | 50904 ||| DROPPING +5 Storm Queen's Shield {shock, Fly
                  | rElec}.
 51136 | Vaults:5 | Entered Level 5 of the Vaults
 51137 | Vaults:5 | 51137 ||| INVOKING Heroism.
 51155 | Vaults:5 | 51155 ||| STAIRDANCE
 51159 | Vaults:4 | HP: 30/180 [frost giant/+2 battleaxe of freezing (19)]
 51159 | Vaults:4 | HP: 14/180 [vault guard/+1 long sword of electrocution
                  | (12)]
 51160 | Vaults:4 | 51160 ||| READING 7 scrolls of teleportation.
 51163 | Vaults:4 | Mangled by a frost giant

Levels and vault maps discovered:
D:1:      spicycebolla_arrival_transporter_tutorial, layout_basic
D:2:      layout_rooms, grunt_decor_resistance
D:3:      layout_loops_corners, dreamdust_ecumenical_altar_statues,
          minmay_unequal, uniq_sigmund
D:4:      layout_cave_pools, nicolae_wu_jian_wuxing_cycle, old_standard_altar,
          elyvilon_altar_1, mainiacjoe_overflow_surrounded_room, uniq_edmund
D:5:      layout_basic, lemuel_crystal_altar,
          mainiacjoe_overflow_small_starburst, minmay_temple_entry_stoned_glass,
          grunt_ministairs_11, nicolae_take_the_stairs,
          minmay_gold_behind_fungi, glass_columns_c, uniq_crazy_yiuf_cottage
D:6:      layout_basic, marbit_many_paths, uniq_duvessa
D:7:      layout_loops_ring, okawaru_metal_pillars_1_2
D:8:      layout_gridville, lemuel_tele_altar, cheibrodos_ashenzari_chains,
          mainiacjoe_overflow_24_doors, dpeg_oklobed_lair,
          hangedman_abyss_or_decor_stabs, minivault_12, uniq_psyche
D:9:      layout_stronghold, uniq_pikel
D:10:     minmay_flawed_box, layout_rooms, cheibriados_altar_1,
          nicolae_gozag_cash_rules_everything_around_me, lemuel_doored_altar,
          mainiacjoe_overflow_alcove_1, trog_book, special_room
          [special_room_orc], gammafunk_ghost_cemetery, minivault_7
D:11:     layout_irregular_city, uniq_nergalle
D:12:     layout_loops_ring, david_orc_3
D:13:     layout_loops_corners, david_vaults_4, minmay_statue_crystal_thing,
          uniq_urug, uniq_josephine, uniq_rupert
D:14:     layout_irregular_city, nicolae_elevator_lobby_plus, kennysheep_diamond
D:15:     hangedman_depths_entry_try_elsewhere_first, layout_cave_pods,
          nicolae_ru_path_of_blood, minivault_24,
          lemuel_zombie_altar_yredelemnul
Temple:   corrupted_temple
Lair:1:   layout_misc_corridors, chequers_serial_rivers_large_b,
          chequers_serial_rivers_room_a, lemuel_fruit_fields
Lair:2:   nzn_winding_woodlands_large [nzn_winding_woodlands_5x5_three,
          nzn_winding_woodlands_5x15_sawtooth,
          nzn_winding_woodlands_5x5_perimeter,
          nzn_winding_woodlands_center_garden,
          nzn_winding_woodlands_15x15_killbox,
          nzn_winding_woodlands_center_diamonds,
          nzn_winding_woodlands_5x5_checkerboard,
          nzn_winding_woodlands_5x15_parted, nzn_winding_woodlands_5x5_default],
          layout_cave_pods, serial_bayou_shore_b
Lair:3:   regret_index_harrowing_hell_hive, layout_chaotic_city,
          elwin_shoals_entry_stream, nicolae_spider_entry_non_spiders,
          lemuel_fruit_fields
Lair:4:   layout_misc_corridors, nicolae_slime_entry_slimehenge,
          nicolae_lair_lakeside_cave, uniq_nessos
Lair:5:   minmay_lair_end_frog_pond, layout_regular_city,
          grunt_forest_large_clearing_hut, grunt_megastairs_3
Shoals:1: layout_shoals, nicolae_shoals_water_booths
Shoals:2: layout_shoals, nicolae_shoals_drake_roost
Shoals:3: layout_shoals, serial_shops, shop_fountains
Shoals:4: shoals_end_grunt_ice, layout_shoals,
          nicolae_shoals_stone_sculpture_thing
Spider:1: layout_spider_delve, portal_ice_cave_entry_ice_simulacra,
          uniq_mlioglotl
Spider:2: layout_cave_pods, nicolae_spider_cling_ruins, worms_lemuel
Spider:3: nicolae_spider_hilbert_zone_3 [nicolae_spider_hilbert_4_sides_2_open,
          nicolae_spider_hilbert_3_sides_1_open,
          nicolae_spider_hilbert_3_sides_1_open,
          nicolae_spider_hilbert_3_sides_1_open,
          nicolae_spider_hilbert_3_sides_1_open,
          nicolae_spider_hilbert_4_sides_1_open,
          nicolae_spider_hilbert_4_sides_1_open,
          nicolae_spider_hilbert_4_sides_1_open,
          nicolae_spider_hilbert_4_sides_1_open,
          nicolae_spider_hilbert_4_sides_1_open,
          nicolae_spider_hilbert_4_sides_1_open,
          nicolae_spider_hilbert_4_sides_1_open,
          nicolae_spider_hilbert_4_sides_1_open,
          nicolae_spider_hilbert_3_sides_1_open,
          nicolae_spider_hilbert_3_sides_1_open,
          nicolae_spider_hilbert_3_sides_1_open,
          nicolae_spider_hilbert_3_sides_1_open]
Spider:4: grunt_spider_rune_parallel, nicolae_spider_bug_shape
Orc:1:    layout_caves, basic_altar, minmay_orc_temple_a, uniq_erica
Orc:2:    st_orc_rangers, layout_caves, basic_altar, lemuel_statue_altar,
          bloody_makhleb
Vaults:1: nicolae_vaults_apartment_1, nicolae_vaults_prndl,
          nicolae_vaults_tetromino_L_2, v_misc_15, grunt_vaults_bifocal,
          v_misc_28, v_misc_33, vaults_mumra_lcd, v_misc_32, v_alt_pattern_4,
          nicolae_vaults_turnstiles, vaults_room_pool, layout_vaults_omnibox,
          serial_shops, nicolae_shop_drivethru
Vaults:2: hangedman_vaults_nails, vaults_standard_mumra_lines,
          minmay_crypt_entry_nasty_monster, v_misc_8,
          nicolae_vaults_weapon_check, ontoclasm_vaults_pinch,
          hangedman_vaults_restitches, hangedman_vaults_river_flow,
          vaults_room_large_hall, hangedman_vaults_impose,
          nicolae_vaults_lightning_bolt, st_cells, vaults_dpeg_cross,
          vaults_mumra_hex, vaults_dpeg_emergency_exit, layout_vaults_ring,
          serial_shops, freezing_bzr, shop_fountains, nicolae_shop_tiny_glass
Vaults:3: v_misc_19, ontoclasm_vaults_ring_large, nicolae_vaults_tetromino_T_2,
          grunt_vaults_diagonal, nicolae_vaults_double_plus_2,
          nicolae_vaults_mini_display_case, nicolae_vaults_little_squares_2,
          vaults_room_grunt_arrival_ludios, v_misc_26, ontoclasm_vaults_spin,
          nicolae_vaults_storage_closets_1, v_misc_5, v_misc_22,
          nicolae_vaults_tetromino_Z_1, vaults_dpeg_encased_lava,
          layout_vaults_omnicross, uniq_nikola
Vaults:4: v_misc_4, nicolae_vaults_taking_the_gang_shopping,
          nicolae_vaults_diamond_1, vaults_room_corners,
          nicolae_vaults_trapezoid_2, nicolae_vaults_closet_pinwheel_1,
          nicolae_vaults_trapezoid_4, nicolae_vaults_trapezoid_1,
          ontoclasm_vaults_shuriken, layout_vaults_omnigrid, serial_shops,
          nicolae_shop_hallway_plus
Vaults:5
Depths:1: layout_gridlike, enter_ziggurat_e, grunt_hell_entry_dis_old,
          chequers_big_river, gammafunk_ghost_crypt,
          nicolae_trove_entry_crossroad, serial_curves, eino_curves_04,
          eino_curves_01, eino_curves_04, abyss_entry
Depths:2: hangedman_arch_fort, layout_gridlike, ebering_dispersal_statue_hall,
          grunt_metal_band, pan_entry, kennysheep_nondescript, uniq_josephina
Depths:3: minmay_the_grid_square_5x5_5x5
          [minmay_the_grid_square_5x5_eight_small,
          minmay_the_grid_square_5x5_bridge, minmay_the_grid_square_5x5_z,
          minmay_the_grid_square_5x5_mess, minmay_the_grid_square_5x5_comb,
          minmay_the_grid_square_5x5_three_small,
          minmay_the_grid_square_5x5_prize_rear_guard,
          minmay_the_grid_square_5x5_three,
          minmay_the_grid_square_5x5_prize_junk, minmay_the_grid_square_5x5_n,
          minmay_the_grid_square_5x5_trominoes,
          minmay_the_grid_square_5x5_broken_cross,
          minmay_the_grid_square_5x5_prize_pseudospiral,
          minmay_the_grid_square_5x5_bracketed,
          minmay_the_grid_square_5x5_dogpile,
          minmay_the_grid_square_5x5_minivault,
          minmay_the_grid_square_5x5_prize_deathbox,
          minmay_the_grid_square_5x5_tie,
          minmay_the_grid_square_5x5_prize_snowflake,
          minmay_the_grid_square_5x5_inner_v, minmay_the_grid_square_5x5_fat_x,
          minmay_the_grid_square_5x5_spiral,
          minmay_the_grid_square_5x5_checkered_sparse,
          minmay_the_grid_square_5x5_intrusive_squares,
          minmay_the_grid_square_5x5_almost_minimal], layout_honeycomb,
          pf_coc_iceberg, abyss_entry_flame_altar, serial_sigils_hangedman_snap,
          uniq_mennas, uniq_mara
Depths:4: evilmike_zot_entry_basic, layout_basic, minmay_misc_feat_diagonals,
          hell_entry, minmay_misc_feat_secret_circle, serial_bayou_shore_b,
          serial_bayou_shore_a, uniq_margery, uniq_saint_roka

Skill      XL: |  1  2  3  4  5  6  7  8  9 10 11 12 13 14 15 16 17 18 19 20 21 22 23 |
---------------+----------------------------------------------------------------------+-----
Axes           | 2 3 4 5 6 7 8 10 11 12 13 15 16 17 18 | 18.0
Throwing       | 1 2 3 4 5 7 8 9 10 11 12 13 | 13.0
Fighting       | 4 5 6 7 8 10 11 12 13 15 17 18 20 21 22 | 22.6
Dodging        | 1 2 3 4 5 6 |  6.0
Shields        | 4 5 6 7 8 11 13 14 15 16 17 18 19 | 19.0
Armour         | 5 6 7 8 9 10 13 15 16 17 21 22 | 22.0
Invocations    | 4 5 9 10 | 10.0

Action                     |  1- 3 |  4- 6 |  7- 9 | 10-12 | 13-15 | 16-18 | 19-21 | 22-24 || total
---------------------------+-------+-------+-------+-------+-------+-------+-------+-------++-------
  Melee: War axe           |    83 |    77 |   253 |   407 |  1068 |       |       |       ||  1888
         Hand axe          |       |       |    81 |    60 |       |       |       |       ||   141
         Morningstar       |       |       |       |    28 |    25 |       |       |       ||    53
         Flail             |       |       |       |     5 |       |       |       |       ||     5
         Broad axe         |       |       |       |       |   112 |  1270 |  1406 |   810 ||  3598
  Throw: Javelin           |    16 |    13 |    44 |    48 |    51 |   172 |   154 |    46 ||   544
         Boomerang         |       |       |    34 |     9 |   236 |   127 |    36 |    23 ||   465
 Invoke: Heroism           |       |       |       |    17 |    28 |    32 |    26 |    22 ||   125
         Finesse           |       |       |       |     2 |     9 |    13 |    12 |    10 ||    46
    Use: Scroll            |     5 |     3 |     8 |     4 |    13 |     3 |     5 |    10 ||    51
         Potion            |     1 |     1 |     1 |     1 |     7 |     2 |     3 |    10 ||    26
   Stab: Distracted        |       |       |       |       |     1 |       |       |       ||     1
         Held in net/web   |       |       |       |       |       |     3 |       |       ||     3
 Armour: Scale mail        |    39 |       |       |       |       |       |       |       ||    39
         Chain mail        |     1 |    61 |   201 |   312 |   419 |       |       |       ||   994
         Plate armour      |       |       |       |       |   278 |   476 |   347 |       ||  1101
         Crystal plate arm |       |       |       |       |       |       |   108 |   362 ||   470
  Dodge: Dodged            |    41 |    36 |   142 |   192 |   466 |   506 |   389 |   247 ||  2019
         Repelled          |       |       |       |       |       |    13 |     8 |    17 ||    38
  Block: Buckler           |    16 |    21 |    58 |   122 |   319 |       |       |       ||   536
         Kite shield       |       |       |       |       |    85 |  1080 |   847 |   535 ||  2547
         Reflection        |       |       |       |       |     4 |       |       |       ||     4
         Tower shield      |       |       |       |       |       |       |       |    51 ||    51

Table legend:
 A = Non-vault XP
 B = Vault XP
 C = Vault XP percentage of total XP
 D = Non-vault monster count
 E = Vault monster count
 F = Vault count percentage of total count
                 A         B        C        D         E       F
            +---------+---------+-------+---------+---------+-------
      Total |  443952 |  353812 |  44.4 |    1088 |     655 |  37.6
            +---------+---------+-------+---------+---------+-------
        D:1 |      22 |       0 |   0.0 |      14 |       0 |   0.0
        D:2 |      46 |       0 |   0.0 |      16 |       0 |   0.0
        D:3 |     137 |     248 |  64.4 |      20 |       4 |  16.7
        D:4 |     180 |     185 |  50.7 |      15 |       1 |   6.2
        D:5 |     877 |      50 |   5.4 |      22 |       2 |   8.3
        D:6 |    1071 |     231 |  17.7 |      26 |       3 |  10.3
        D:7 |     930 |       0 |   0.0 |      16 |       0 |   0.0
        D:8 |    1581 |     404 |  20.4 |      19 |       1 |   5.0
        D:9 |    4376 |     617 |  12.4 |      36 |       1 |   2.7
       D:10 |    3214 |    2269 |  41.4 |      19 |      41 |  68.3
       D:11 |    4110 |     785 |  16.0 |      16 |       1 |   5.9
       D:12 |    4016 |    1051 |  20.7 |      23 |      10 |  30.3
       D:13 |    2443 |    6380 |  72.3 |      12 |      11 |  47.8
       D:14 |   11703 |    1381 |  10.6 |      26 |       2 |   7.1
       D:15 |    4447 |    3039 |  40.6 |      10 |       6 |  37.5
     Lair:1 |    6760 |       0 |   0.0 |      27 |       0 |   0.0
     Lair:2 |    3695 |   13897 |  79.0 |      21 |      37 |  63.8
     Lair:3 |    2953 |    8850 |  75.0 |      11 |      63 |  85.1
     Lair:4 |    8725 |   10905 |  55.6 |      22 |      30 |  57.7
     Lair:5 |   10683 |   11510 |  51.9 |      34 |      39 |  53.4
   Shoals:1 |   18711 |    3752 |  16.7 |      35 |       6 |  14.6
   Shoals:2 |   17190 |    2729 |  13.7 |      37 |       9 |  19.6
   Shoals:3 |   20196 |       0 |   0.0 |      36 |       0 |   0.0
   Shoals:4 |    8903 |   17466 |  66.2 |      17 |      32 |  65.3
   Spider:1 |   15910 |    3697 |  18.9 |      44 |       9 |  17.0
   Spider:2 |   14169 |   10070 |  41.5 |      42 |      13 |  23.6
   Spider:3 |   16138 |   13764 |  46.0 |      33 |      26 |  44.1
   Spider:4 |   17337 |   20357 |  54.0 |      39 |      41 |  51.2
      Orc:1 |    2320 |     138 |   5.6 |      47 |       6 |  11.3
      Orc:2 |    5079 |    5204 |  50.6 |      43 |      38 |  46.9
   Vaults:1 |   26691 |   13986 |  34.4 |      31 |      16 |  34.0
   Vaults:2 |   22743 |   29656 |  56.6 |      28 |      36 |  56.2
   Vaults:3 |   13649 |   20383 |  59.9 |      21 |      29 |  58.0
   Vaults:4 |   17790 |   21334 |  54.5 |      29 |      27 |  48.2
   Vaults:5 |       0 |    9686 | 100.0 |       0 |      10 | 100.0
   Depths:1 |   45924 |       0 |   0.0 |      62 |       0 |   0.0
   Depths:2 |   25073 |   45039 |  64.2 |      33 |      34 |  50.7
   Depths:3 |   47864 |   60114 |  55.7 |      59 |      50 |  45.9
   Depths:4 |   36296 |   14635 |  28.7 |      47 |      21 |  30.9
            +---------+---------+-------+---------+---------+-------
